 Dungeon Crawl Stone Soup version 0.31-a0-1610-g9787180647 (webtiles) character file.

Game seed: 8471724382179338466

1620190 MackTheKnife the Sorcerer (level 24, 212/212 HPs)
             Began as a Mummy Wanderer on Jan 7, 2024.
             Was a High Priest of Ashenzari.
             Escaped with the Orb
             ... and 3 runes on Jan 8, 2024!
             The game lasted 02:25:15 (68189 turns).

MackTheKnife the Sorcerer (Mummy Wanderer)         Turns: 68189, Time: 02:25:15

Health: 212/212    AC: 31    Str:  8 (11) XL:     24   Next: 56%
Magic:  52/52      EV: 16    Int: 25 (29) God:    Ashenzari [*****.]
Gold:   2988       SH: 16    Dex:  7 (15) Spells: 4/73 levels left

rFire   + + .        n - +7 demon blade of the Sibylline Pleiades {elec, long, Elem, Sorc} (curse)
rCold   + . .        u - +4 kite shield {AC+3}
rNeg    + + +        q - +4 ring mail "Thunder Perfect Mind" {+Inv rElec Int+7 Stlth-, Sorc, Self} (curse)
rPois   ∞            y - +1 helmet of Ashenzari's Skepticism {^Contam Fly Will+, Sorc, Bglg} (curse)
rElec   +            f - +2 cloak of Ashenzari's Negation {Stlth+, Dev, Sorc} (curse)
rCorr   .            G - +2 pair of gloves of the Ruined Moon {hurl, Cun, Fort} (curse)
SInv    +            K - +2 pair of boots of Ashenzari's Yoke {Slay+2, Elem, Fort} (curse)
Will    ++++.        x - amulet of the Eternal Stoicism {Spirit rF+++ Str-4 Int+3 SInv, Elem, Comp} (curse)
Stlth   +            o - ring of the Ensconced Sun {EV+5, Melee, Cun} (curse)
HPRegen 0.55/turn    t - ring of the Shackled Sorrow {AC+4, Sorc, Self} (curse)
MPRegen 0.33/turn

%: clarity, guardian spirit, faith
@: flying, studying 2 skills
A: cold resistance 1, negative energy resistance 3, torment resistance 2, heat
vulnerability 1, in touch with death 2, no potions, faith
0: Orb of Zot
}: 3/15 runes: serpentine, barnacled, silver
a: Renounce Religion, Evoke Invisibility, Shatter the Chains


You escaped.
You worshipped Ashenzari.
Ashenzari was extremely pleased with you.
You visited 11 branches of the dungeon, and saw 49 of its levels.
You visited 1 bazaar.
You also visited: Ice Cave.

You collected 8418 gold pieces.
You spent 5430 gold pieces at shops.


Innate Abilities, Weirdness & Mutations

You are immune to poison.
Your flesh is cold resistant. (rC+)
You are immune to negative energy. (rN+++)
You are immune to unholy pain and torment.
You are vulnerable to heat. (rF-)
You are strongly in touch with the powers of death.
You do not drink.
You have a special connection with the divine. (Faith)


   Skills:
 - Level 19.5(22.4) Fighting
 - Level 11.5(13.6) Long Blades
 - Level 7.7(10.0) Staves
 - Level 7.8(11.0) Armour
 - Level 11.3(14.4) Dodging
 - Level 5.4(8.5) Stealth
 - Level 11.8(15.0) Shields
 - Level 22.7(25.4) Spellcasting
 - Level 7.3(13.1) Conjurations
 - Level 5.7(7.8) Hexes
 - Level 9.6(11.7) Summonings
 + Level 15.6(17.6) Necromancy
 - Level 2.0(3.6) Translocations
 - Level 6.8(11.0) Ice Magic
 - Level 6.7(10.9) Air Magic
 - Level 3.3(6.9) Earth Magic
 - Level 7.3(13.1) Alchemy
 - Level 5.9(8.1) Evocations


You had 4 spell levels left.
You knew the following spells:

 Your Spells              Type           Power      Damage    Failure   Level
a - Dispel Undead         Necr           100%       3d31      1%          4
b - Leda's Liquefaction   Alch/Erth      34%        N/A       1%          4
c - Vhi's Electric Charg  Tloc/Air       100%       N/A       3%          4
d - Irradiate             Conj/Alch      38%        3d24      1%          5
e - Blink                 Tloc           98%        N/A       1%          2
f - Yara's Violent Unrav  Hex/Alch       35%        3d14      2%          5
g - Death Channel         Necr           66%        N/A       1%          6
h - Sculpt Simulacrum     Ice/Alch       37%        N/A       6%          6
i - Infestation           Necr           66%        N/A       26%         8
j - Arcjolt               Conj/Air       37%        1d47      1%          5
k - Animate Dead          Necr           100%       N/A       1%          4
l - Fugue of the Fallen   Necr           100%       N/A       0%          3
m - Haunt                 Necr/Summ      63%        N/A       12%         7
n - Bombard               Conj/Erth      34%        9d6       14%         6

Your spell library contained the following spells:

 Spells                   Type           Power      Damage    Failure   Level
 Necrotise                Necr           100%       1d9       0%          1
 Vampiric Draining        Necr           100%       2d13      0%          3
 Foxfire                  Conj/Fire      100%       2x1d9     1%          1
 Freeze                   Ice            100%       1d10      1%          1
 Magic Dart               Conj           100%       1d8       1%          1
 Shock                    Conj/Air       100%       1d9       1%          1
 Slow                     Hex            100%       N/A       1%          1
 Sting                    Conj/Alch      100%       1d9       1%          1
 Summon Small Mammal      Summ           100%       N/A       1%          1
 Call Imp                 Summ           100%       N/A       1%          2
 Cigotuvi's Dreadful Rot  Necr/Alch/Air  100%       N/A       1%          2
 Ensorcelled Hibernation  Hex/Ice        100%       N/A       1%          2
 Jinxbite                 Hex            100%       N/A       1%          2
 Lesser Beckoning         Tloc           98%        N/A       1%          2
 Mercury Vapours          Alch/Air       100%       N/A       1%          2
 Momentum Strike          Conj/Tloc      100%       3d10      1%          2
 Searing Ray              Conj           100%       2d8       1%          2
 Static Discharge         Conj/Air       100%       3-8/arc   1%          2
 Call Canine Familiar     Summ           74%        N/A       1%          3
 Confusing Touch          Hex            63%        N/A       1%          3
 Frozen Ramparts          Ice            100%       1d16      1%          3
 Hailstorm                Conj/Ice       75%        3d13      1%          3
 Ozocubu's Armour         Ice            72%        N/A       1%          3
 Passwall                 Erth           60%        N/A       1%          3
 Sigil of Binding         Hex            63%        N/A       1%          3
 Swiftness                Air            72%        N/A       1%          3
 Brom's Barrelling Bould  Conj/Erth      69%        2d8       1%          4
 Fulminant Prism          Conj/Alch      38%        3d17      1%          4
 Martyr's Knell           Necr/Summ      100%       N/A       1%          4
 Olgreb's Toxic Radiance  Alch           77%        N/A       1%          4
 Petrify                  Alch/Erth      69%        N/A       1%          4
 Inner Flame              Hex/Fire       52%        N/A       3%          3
 Flame Wave               Conj/Fire      60%        2d14      3%          4
 Sticky Flame             Fire/Alch      60%        2d10      3%          4
 Gell's Gravitas          Tloc           49%        N/A       4%          3
 Teleport Other           Tloc           49%        N/A       4%          3
 Summon Blazeheart Golem  Fire/Summ      58%        N/A       4%          4
 Dimensional Bullseye     Hex/Tloc       28%        N/A       5%          4
 Manifold Assault         Tloc           49%        N/A       13%         4
 Borgnjor's Vile Clutch   Necr/Erth      59%        N/A       1%          5
 Curse of Agony           Necr           100%       N/A       1%          5
 Summon Mana Viper        Hex/Summ       69%        N/A       2%          5
 Metabolic Englaciation   Hex/Ice        34%        N/A       3%          5
 Conjure Ball Lightning   Conj/Air       37%        3x3d12    6%          6
 Summon Forest            Summ/Tloc      31%        N/A       7%          5
 Summon Cactus Giant      Summ           37%        N/A       7%          6
 Lee's Rapid Deconstruct  Erth           30%        3d16*     10%         5
 Summon Hydra             Summ           37%        N/A       36%         7
 Starburst                Conj/Fire      30%        6d9       47%         6
 Plasma Beam              Fire/Air       28%        2x1d41    63%         6
 Enfeeble                 Hex            31%        N/A       88%         7
 Malign Gateway           Summ/Tloc      31%        N/A       91%         7
 Summon Horrible Things   Summ           37%        N/A       97%         8
 Maxwell's Capacitive Co  Air            36%        ∞         99%         8
 Ignition                 Fire           17%        3d7       100%        8
 Chain Lightning          Conj/Air       37%        3d50      100%        9
 Fire Storm               Conj/Fire      30%        8d8       100%        9
 Shatter                  Erth           30%        3d25*     100%        9
 Sublimation of Blood     Necr           Unusable   N/A       N/A         2
 Borgnjor's Revivificati  Necr           Unusable   N/A       N/A         8
 Death's Door             Necr           Unusable   N/A       N/A         9

Inventory:

Hand Weapons
 n - the cursed +7 demon blade of the Sibylline Pleiades (weapon) {elec, long, Elem, Sorc}
   (You took it off Mara on level 1 of the Depths)

   It has a curse which improves the following skills: Elements: Fire Magic, Ice
   Magic, Air Magic and Earth Magic.
   Sorcery:   Conjurations and Alchemy.
Armour
 f - the cursed +2 cloak of Ashenzari's Negation (worn) {Stlth+, Dev, Sorc}
   (You took it off Crazy Yiuf on level 2 of the Dungeon)

   It has a curse which improves the following skills: Devices: Evocations.
   Sorcery:   Conjurations and Alchemy.
 q - the cursed +4 ring mail "Thunder Perfect Mind" (worn) {+Inv rElec Int+7 Stlth-, Sorc, Self}
   (You found it on level 2 of the Snake Pit)

   Int+7:     It affects your intelligence (+7).
   rElec:     It insulates you from electricity.
   +Inv:      It lets you turn invisible.
   Stlth-:    It makes you less stealthy.
   It has a curse which improves the following skills: Sorcery: Conjurations and
   Alchemy.
   Introspection: Fighting and Spellcasting.
 u - a +4 kite shield of protection (worn)
   (You took it off a tengu warrior on level 1 of the Depths)
 y - the cursed +1 helmet of Ashenzari's Skepticism (worn) {^Contam Fly Will+, Sorc, Bglg}
   (You found it on level 2 of the Lair of Beasts)

   Will+:     It increases your willpower.
   Fly:       It grants you flight.
   ^Contam:   It causes magical contamination when unequipped.
   It has a curse which improves the following skills: Sorcery: Conjurations and
   Alchemy.
   Beguiling: Hexes and Translocations.
 G - the cursed +2 pair of gloves of the Ruined Moon (worn) {hurl, Cun, Fort}
   (You found it in an ice cave)

   It has a curse which improves the following skills: Cunning: Dodging and
   Stealth.
   Fortitude: Armour and Shields.
 K - the cursed +2 pair of boots of Ashenzari's Yoke (worn) {Slay+2, Elem, Fort}
   (You found it on level 3 of the Lair of Beasts)

   Slay+2:    It affects your accuracy & damage with ranged weapons and melee
   (+2).
   It has a curse which improves the following skills: Elements: Fire Magic, Ice
   Magic, Air Magic and Earth Magic.
   Fortitude: Armour and Shields.
Jewellery
 j - the ring "Hintiny" {EV+5 Str+3 Int+3 Dex-2}
   (You took it off an ironbound preserver on level 5 of the Vaults)

   [ring of evasion]

   EV+5:      It affects your evasion (+5).
   Str+3:     It affects your strength (+3).
   Int+3:     It affects your intelligence (+3).
   Dex-2:     It affects your dexterity (-2).
 o - the cursed ring of the Ensconced Sun (left hand) {EV+5, Melee, Cun}
   (You found it on level 2 of the Depths)

   [ring of evasion]

   EV+5:      It affects your evasion (+5).
   It has a curse which improves the following skills: Melee Combat: Short
   Blades, Long Blades, Axes, Maces & Flails, Polearms, Staves and Unarmed
   Combat.
   Cunning:   Dodging and Stealth.
 t - the cursed ring of the Shackled Sorrow (right hand) {AC+4, Sorc, Self}
   (You found it on level 3 of the Dungeon)

   [ring of protection]

   AC+4:      It affects your AC (+4).
   It has a curse which improves the following skills: Sorcery: Conjurations and
   Alchemy.
   Introspection: Fighting and Spellcasting.
 x - the cursed amulet of the Eternal Stoicism (around neck) {Spirit rF+++ Str-4 Int+3 SInv, Elem, Comp}
   (You found it in an ice cave)

   [amulet of guardian spirit]

   Spirit:    It causes incoming damage to be divided between your reserves of
   health and magic.
   Str-4:     It affects your strength (-4).
   Int+3:     It affects your intelligence (+3).
   rF+++:     It renders you almost immune to fire.
   SInv:      It lets you see invisible.
   It has a curse which improves the following skills: Elements: Fire Magic, Ice
   Magic, Air Magic and Earth Magic.
   Companions: Summonings and Necromancy.
Wands
 a - a wand of digging (19)
   (You found it on level 3 of the Elven Halls)
 e - a wand of mindburst (23)
   (You bought it in a shop on level 2 of the Orcish Mines)
 g - a wand of polymorph (4)
   (You found it in an ice cave)
 k - a wand of iceblast (19)
   (You found it on level 3 of the Lair of Beasts)
 B - a wand of flame (70)
   (You found it on level 6 of the Dungeon)
 P - a wand of paralysis (34)
   (You found it on level 11 of the Dungeon)
 R - a wand of light (37)
   (You found it in an ice cave)
Scrolls
 b - a scroll of butterflies
 c - 2 scrolls of silence {!r}
 d - 3 scrolls of immolation {!r!r}
 i - 4 scrolls of fog
 l - 2 scrolls of amnesia
 m - 4 scrolls of brand weapon
 r - a scroll of enchant weapon
 s - 10 scrolls of teleportation {@r4}
 z - 2 scrolls of revelation
 C - 10 scrolls of fear
 F - 11 scrolls of poison
 H - 10 scrolls of torment
 I - 3 scrolls of blinking {!r}
 L - 10 scrolls of vulnerability {!r!r}
Miscellaneous
 h - a phial of floods
   (You bought it in a shop on level 4 of the Shoals)
 p - a phantom mirror
   (You found it on level 5 of the Vaults)
 M - a lightning rod (3/4)
   (You found it on level 5 of the Lair of Beasts)
 N - a box of beasts
   (You found it on level 5 of the Lair of Beasts)

Dungeon Overview and Level Annotations

Branches:
Dungeon (15/15)            Temple (1/1) D:6            Lair (5/5) D:8
 Shoals (4/4) Lair:3        Snake (4/4) Lair:2        Slime (0/5) Lair:4
    Orc (2/2) D:12            Elf (3/3) Orc:2        Vaults (5/5) D:13
  Crypt (1/3) Vaults:2     Depths (4/4) D:15            Zot (5/5) Depths:4
  IceCv (visited)

Altars:
Ashenzari
Cheibriados
Dithmenos
Fedhas
Gozag
Hepliaklqana
Kikubaaqudgha
Makhleb
Nemelex Xobeh
Okawaru
Qazlal
Ru
Sif Muna
Trog
Uskayaw
Vehumet
Wu Jian
Xom
Yredelemnul
Lugonu

Shops:
D:1 :   D:11 =   D:15 *   Orc:2 ?(=*   Elf:1 (   Shoals:3 [   Shoals:4 *
Snake:4 :   Vaults:3 *   Vaults:5 [   Depths:1 :[(   Depths:4 =:=

Portals:
Hell: Depths:1 Depths:2 Depths:3 Depths:4
Abyss: Lair:5 Vaults:2 Depths:3 Depths:4
Pandemonium: Depths:2
Ziggurat: Depths:2
Trove: Vaults:1 (give 8 scrolls of fog)

Annotations:
D:6 4 transporters, exclusion: downstairs, Pi314's ghost, novice HuAr
D:7 Maggie
D:8 exclusion: upstairs
D:13 Rupert
D:14 2 transporters, Safywk's ghost, journeyman MiFi
Lair:1 exclusion: ice statue
Lair:3 exclusion: 3 doors
Snake:2 3 runed translucent doors, p0werm0de's ghost, adept MiFi
Elf:2 3 runed translucent doors
Vaults:2 2 transporters, Wuemn's ghost, adept MiFi
Vaults:3 2 runed translucent doors, exclusion: 2 doors, Ukhlin's ghost, adept DsMo
Depths:1 1 transporter
Depths:2 3 runed translucent doors, Mafape's ghost, veteran OnGl
Depths:3 exclusion: door
Depths:4 2 transporters, Abugem's ghost, veteran DgCj
Zot:5 exclusion: 2 upstairs

.# #####.>#### .# ##....#
.# #.##.# .#
########.######## .#
#≈≈≈≈≈≈≈.≈≈≈≈≈≈≈# .##
#≈≈≈≈≈.....≈≈≈≈≈# ..#####
#≈≈....~~~....≈≈#
#.....###≈...~~~.~~~...≈#
#####.......~~~.@..~~..≈#
#####≈...~~~.~~~...≈#
#≈≈....~)~....≈≈#
#≈≈≈≈≈.....≈≈≈≈≈#
#≈≈≈≈≈≈≈≈≈≈≈≈≈≈≈#
#################


There were no monsters in sight!


Message History

Your wraith barely misses the Orb Guardian. 😎 MP[+1]
You block the Orb Guardian's attack. 😎 MP[+1]
You slice the Orb Guardian!!
The Orb Guardian hits you! 😕 HP[-6] MP[-1]
You take 6 damage, and now have 206/212 hp.
You lost 1 mp, and now have 46/52 mp.
You slice the Orb Guardian!! The Orb Guardian barely misses you.
Your wraith hits the Orb Guardian! You barely miss the Orb Guardian.
The Orb Guardian hits you!! 😕 HP[-21] MP[-4]
You take 21 damage, and now have 185/212 hp.
You lost 4 mp, and now have 42/52 mp.
You closely miss the Orb Guardian. You block the Orb Guardian's attack.
You slice the Orb Guardian!!
Lightning courses through the Orb Guardian!
Your wraith misses the Orb Guardian. You block the Orb Guardian's attack.
You barely miss the Orb Guardian. The Orb Guardian closely misses you.
Your wraith hits the Orb Guardian.
Your wraith drains the Orb Guardian's vigour!
The Orb Guardian seems to slow down.
Your wraith hits the Orb Guardian but does no damage. 😕 HP[+1]
You strike the helpless Orb Guardian from behind!
You slash the Orb Guardian!
You kill the Orb Guardian! 😕 MP[+1]
Your wraith disappears in a puff of smoke! x2 😕 HP[+1]
You start resting.
Your wraith disappears in a puff of smoke!
Your shadow wraith disappears in a puff of smoke! 😕 HP[+14] MP[+9]
You regained 14 hp, and now have 201/212 hp.
Your mp is fully restored (52).
There is a stone staircase leading up here. 😕 HP[+1]
You fly upwards.
There is a stone staircase leading down here. 😕 HP[+1]
What level of the Dungeon? (default 1, ? - help)
There is an open door here.
There is an open door here.
There is a stone staircase leading up here.
You fly upwards.
There is a stone staircase leading down here.
Things that are here:
a +0 glaive {polearm}; a +0 trident {polearm}
Things that are here:
a +0 battleaxe {axe}; a +0 short sword {short}
Things that are here:
a +0 short sword {short}; a +0 orcbow An Uluhaite and a red devil come into view.
There is a stone staircase leading up here. 😎 HP[+9]
Your hp is fully restored (212).
Unknown command.
Unknown command.
You fly upwards.
There is a stone staircase leading down here.
What level of the Dungeon? (default 1, ? - help)
There is a stone staircase leading up here.
You fly upwards.
There is a stone staircase leading down here.
There is a stone staircase leading up here.
You fly upwards.
Level annotation: exclusion: upstairs
There is a stone staircase leading down here.
There is a stone staircase leading up here.
You fly upwards.
Level annotation: Maggie
There is a stone staircase leading down here.
There is a stone staircase leading up here.
You fly upwards.
Level annotation: 4 transporters, exclusion: downstairs, Pi314's ghost, novice HuAr
There is a stone staircase leading down here.
There is an open door here.
You sense a monster nearby.
There is a stone staircase leading up here.
You fly upwards.
There is a stone staircase leading down here.
What level of the Dungeon? (default 1, ? - help)
There is a stone staircase leading up, spattered with blood here.
You fly upwards.
There is a stone staircase leading down here.
There is a stone staircase leading up here.
You fly upwards.
There is a stone staircase leading down here.
There is a stone staircase leading up here.
You fly upwards.
There is a stone staircase leading down here.
You see here a +0 dagger {short}.
There is an open door here.
There is an open door here.
There is a stone staircase leading up here.
You fly upwards.
There is a stone staircase leading down here.
There is a staircase leading out of the dungeon here.
You have escaped!

Skill      XL: |  1  2  3  4  5  6  7  8  9 10 11 12 13 14 15 16 17 18 19 20 21 22 23 24 |
---------------+-------------------------------------------------------------------------+-----
Spellcasting   | 2 3 4 5 8 9 10 12 13 14 17 19 21 22 | 22.7
Air Magic      | 1 2 6 |  6.7
Conjurations   | 3 4 5 6 7 |  7.3
Summonings     | 2 3 5 9 |  9.6
Fighting       | 3 6 10 12 13 14 15 17 18 19 | 19.5
Alchemy        | 5 6 7 |  7.3
Dodging        | 2 4 6 8 11 | 11.3
Staves         | 1 3 6 7 |  7.7
Translocations | 2 |  2.0
Evocations     | 3 5 |  5.9
Armour         | 2 7 |  7.8
Shields        | 5 9 11 | 11.8
Hexes          | 5 |  5.7
Ice Magic      | 6 |  6.8
Necromancy     | 10 11 14 15 | 15.6
Earth Magic    | 3 |  3.3
Long Blades    | 7 11 | 11.5
Stealth        | 2 5 |  5.4

Action                     |  1- 3 |  4- 6 |  7- 9 | 10-12 | 13-15 | 16-18 | 19-21 | 22-24 || total
---------------------------+-------+-------+-------+-------+-------+-------+-------+-------++-------
  Melee: Dagger            |    30 |    16 |     7 |     6 |       |       |       |       ||    59
         Falchion          |     4 |       |       |       |       |       |       |       ||     4
         Punch             |     1 |       |       |     1 |       |       |       |       ||     2
         Great sword       |       |     1 |     7 |       |       |       |       |       ||     8
         Quarterstaff      |       |       |    58 |   243 |       |       |       |       ||   301
         Staff             |       |       |     2 |     9 |   586 |  1030 |   876 |       ||  2503
         Demon blade       |       |       |       |       |       |       |     9 |   932 ||   941
  Throw: Dart              |       |       |       |       |     6 |       |       |       ||     6
   Cast: Shock             |    50 |   147 |   258 |   277 |   519 |     6 |       |       ||  1257
         Call Imp          |       |       |    26 |     6 |       |       |       |       ||    32
         Fulminant Prism   |       |       |    20 |    40 |    11 |       |       |       ||    71
         Irradiate         |       |       |       |    41 |   166 |    93 |   119 |    83 ||   502
         Yara's Violent Un |       |       |       |       |     6 |     7 |     9 |     9 ||    31
         Teleport Other    |       |       |       |       |     4 |       |       |       ||     4
         Sculpt Simulacrum |       |       |       |       |     3 |    31 |     1 |     1 ||    36
         Metabolic Englaci |       |       |       |       |       |    35 |       |       ||    35
         Arcjolt           |       |       |       |       |       |    60 |    63 |    23 ||   146
         Animate Dead      |       |       |       |       |       |    11 |    12 |    13 ||    36
         Leda's Liquefacti |       |       |       |       |       |     7 |     2 |     1 ||    10
         Death Channel     |       |       |       |       |       |     7 |    14 |    17 ||    38
         Fugue of the Fall |       |       |       |       |       |     2 |       |       ||     2
         Haunt             |       |       |       |       |       |       |    13 |    46 ||    59
         Bombard           |       |       |       |       |       |       |     9 |    33 ||    42
         Infestation       |       |       |       |       |       |       |    16 |    23 ||    39
 Invoke: Curse Item        |       |       |     1 |     7 |     3 |     5 |     2 |     1 ||    19
         Shatter the Chain |       |       |       |     2 |     1 |     4 |     2 |     1 ||    10
  Evoke: Wand              |       |       |     2 |    11 |     2 |     4 |    14 |    11 ||    44
         Lightning rod     |       |       |       |       |     6 |     7 |     4 |     3 ||    20
         Box of beasts     |       |       |       |       |     1 |     3 |     1 |     2 ||     7
         Phial of floods   |       |       |       |       |       |       |       |     1 ||     1
    Use: Scroll            |       |       |    13 |     3 |     2 |     9 |     9 |    20 ||    56
   Stab: Distracted        |       |       |     1 |       |       |    16 |    14 |    15 ||    46
         Paralysed         |       |       |       |     2 |       |       |       |       ||     2
         Sleeping          |       |       |       |     1 |     5 |     3 |     1 |     2 ||    12
         Petrified         |       |       |       |     1 |       |       |       |       ||     1
         Invisible         |       |       |       |       |       |       |       |     1 ||     1
 Armour: Robe              |    30 |    35 |   162 |    36 |       |       |       |       ||   263
         Troll leather arm |       |       |       |   402 |   656 |    32 |       |       ||  1090
         Ring mail         |       |       |       |       |       |   716 |   794 |   701 ||  2211
  Dodge: Dodged            |    29 |    32 |    83 |   318 |   592 |   692 |   735 |   627 ||  3108
  Block: Buckler           |       |       |       |     4 |   383 |   450 |   432 |   252 ||  1521
         Kite shield       |       |       |       |       |       |       |       |   146 ||   146

Levels and vault maps discovered:
D:1:      dpeg_arrival_shrine, layout_basic, nicolae_shop_vocational
D:2:      layout_basic, kennysheep_generic_room_15, uniq_crazy_yiuf_cottage
D:3:      kb_forest_paths, layout_basic, eat_drink_and_be_merry_uskayaw
D:4:      layout_cave_pools, lemuel_round_altar, overflow_temple_1_default,
          serial_column_ruins, column_ruins_open_small_water,
          column_ruins_columns_straight, column_ruins_open_small,
          column_ruins_grid_1, uniq_menkaure
D:5:      layout_basic, serial_rivers, chequers_serial_rivers_small_3,
          chequers_serial_rivers_marsh, chequers_serial_rivers_micro_b,
          chequers_serial_rivers_large_b, chequers_serial_rivers_micro_d
D:6:      layout_basic, gammafunk_temple_overflow_arena,
          minmay_temple_entry_statues_pillars, gammafunk_ghost_hive,
          chequers_serial_rivers_room_a, bh_walls_and_bars, uniq_sigmund,
          uniq_pikel, uniq_edmund
D:7:      layout_basic, chequers_temple_overflow_statue_of_worship,
          pdpol_wu_jian_five_deadly_venoms, nicolae_tso_swordbearing_angel,
          uniq_duvessa, uniq_maggie
D:8:      layout_rooms, elyvilon_altar_5, minitemple, david_lair_shrubbed,
          grunt_ministairs_14, hangedman_decor_growths, uniq_grum
D:9:      layout_loops_corners, nzn_hepliaklqana_mist_gate, grunt_gozag_statues
D:10:     layout_basic, nicolae_the_louvre
D:11:     layout_long_grid, serial_shops, nicolae_square_shop,
          wad_floor_pattern_2, onia_ninara_cookie
D:12:     layout_roguey, minmay_orc_entry_guard_dogs, uniq_jorgrun
D:13:     layout_roguey, david_vaults_1, chequers_serial_rivers_room_b,
          uniq_josephine, uniq_rupert
D:14:     layout_layer_cave, gammafunk_ghost_wrathful_warriors,
          minmay_tree_intersection
D:15:     hangedman_depths_entry_civil_slaughter, layout_stronghold,
          hangedman_decor_riveting, nicolae_shop_overcharged_wands
Temple:   hellmonk_temple_beads
Lair:1:   dreamdust_isle_of_ice, layout_cave_pods, serial_bayou,
          serial_bayou_lagoon_a, serial_bayou_pond_c, serial_bayou_ford_a,
          serial_bayou_shore_a, grunt_forest_large_clearings
Lair:2:   layout_layer_cave, guppyfry_snake_entry_island
Lair:3:   gammafunk_cloud_chamber, layout_chaotic_city,
          minmay_shoals_entry_lonely_mermaid, minmay_shattered_shrine,
          infiniplex_staircase_pool_2
Lair:4:   mu_elephants_graveyard, layout_regular_city,
          nicolae_slime_entry_field_trip, minivault_26, uniq_snorg, uniq_urug
Lair:5:   hellmonk_lair_end_abyssal_woods, layout_misc_corridors,
          dreamdust_gnoll_shepherd
Shoals:1: layout_shoals, yaktaur_hedge
Shoals:2: nicolae_shoals_island_circles, layout_shoals, uniq_aizul
Shoals:3: layout_shoals, serial_shops, shop, uniq_ilsuiw
Shoals:4: shoals_end_grunt_garden, layout_shoals, serial_shops, shop,
          nicolae_shoals_nautilus_by_nature
Snake:1:  layout_chambers
Snake:2:  layout_rooms, gammafunk_ghost_necromancy
Snake:3:  layout_cave_town
Snake:4:  hellmonk_snake_rune_quicksilver_temple, layout_onion,
          portal_ice_cave_entry_pillars_three, serial_shops,
          nicolae_book_shop_shelving, serial_library_hellmonk_room_a,
          serial_bayou_pond_b, nicolae_snake_squiggles
Orc:1:    layout_caves
Orc:2:    st_orc_pillars, layout_diamond_mine
Elf:1:    kennysheep_ambush_hall, layout_geoelf_grid, serial_shops,
          nicolae_shop_behind_doors, hangedman_elf_disciples,
          nicolae_twisty_statue_hallways
Elf:2:    nicolae_elf_blades_splatter_lattice [mumra_blade_entry_bloodbath],
          layout_loops_ring
Elf:3:    minmay_elf_hall_hex, layout_gridlike, hellmonk_sif_muna_bookshelves
Vaults:1: nicolae_vaults_minivaults, nicolae_vaults_network_square,
          nicolae_vaults_trapezoid_lopsided_2, nicolae_vaults_layer_cake_slice,
          v_misc_3, nicolae_vaults_frosty_reception, grunt_vaults_funnel,
          vaults_standard_mumra_x, nicolae_vaults_double_plus_3,
          layout_vaults_maze_snakey, nicolae_trove_entry_diagonal
Vaults:2: gammafunk_ghost_abyssal_escape, v_rooms_4, v_pattern_4,
          nicolae_vaults_security_offices_1, vaults_room_large_hall, v_misc_14,
          serial_ice_m, nicolae_vaults_little_ls, nicolae_vaults_double_plus_1,
          v_misc_18, nicolae_vaults_house_1, minmay_crypt_entry_necro_gods,
          layout_vaults_omnigrid
Vaults:3: ebering_ghost_disaster_area, nicolae_vaults_closet_pinwheel_5,
          st_lattice, v_misc_32, ontoclasm_vaults_ring_large,
          nicolae_vaults_arrows, minmay_orc_keep, v_rooms_6,
          nicolae_vaults_network_periphery, vaults_room_hallway,
          ontoclasm_vaults_shuriken, layout_vaults_omnibox, serial_shops, shop
Vaults:4: v_misc_18, nicolae_vaults_trapezoid_layered,
          ontoclasm_vaults_claustrophobia, hangedman_vaults_corner,
          nicolae_vaults_weapon_check, nicolae_vaults_security_offices_2,
          nicolae_vaults_cochlea, nicolae_vaults_mini_display_case, v_misc_30,
          nicolae_vaults_layer_cake_slice, nicolae_vaults_yaktaur_gun_rack,
          layout_vaults_ring
Vaults:5: serial_shops
Crypt:1:  layout_basic, grunt_crypt_arrival_split
Depths:1: layout_cave_shapes, serial_shops, bzr_entry_islet, hell_entry,
          nicolae_concentric_dashed_squares_mild, grunt_ministairs_2,
          minmay_variable_closet, kennysheep_minor_cross, nicolae_diode_basic,
          minmay_shop_star, serial_bayou_shore_b, uniq_mara
Depths:2: cell_vault, layout_small_grid, enter_ziggurat_c,
          rand_demon_pan_entry_4, hellmouth_1, nicolae_yredelemnul_ghost_church,
          infiniplex_staircase_hallway_doors
Depths:3: evilmike_wizard_prison, layout_gridlike, abyss_entry, hellmouth_2,
          serial_corexii_hall, corexii_hall_statues_u, corexii_hall_statues_i,
          nicolae_ru_path_of_blood, uniq_parghit
Depths:4: evilmike_zot_entry_diamond, layout_long_grid, pf_hell_entry_great_geh,
          grunt_decor_one_mirror, gammafunk_ghost_smash, abyss_entry,
          nrook_mini_backslash, minmay_shop_grove, uniq_vv
Zot:1:    lemuel_halls_of_wrath, layout_gridlike
Zot:2:    layout_gridlike, gammafunk_ghost_berserking_beasts,
          hangedman_zot_diagonal_lockstep
Zot:3:    layout_cellular_growth, hangedman_zot_decor_scrapings
Zot:4:    layout_basic, hangedman_zot_decor_checkerboard,
          hangedman_zot_decor_slant
Zot:5:    layout_cathedral_of_symmetry, st_stairs_5

Notes
Turn   | Place    | Note
-------+----------+-------------------------------------------
     0 | D:1      | MackTheKnife the Mummy Wanderer began the quest for the
                  | Orb.
     0 | D:1      | MackTheKnife set off with the following items: a +0
                  | falchion {long}, a +0 pair of boots, a scroll of silence
                  | {!r}, a +0 robe; and the following spell memorised: Shock;
                  | and the following spells available to memorise: Brom's
                  | Barrelling Boulder, Fulminant Prism.
     0 | D:1      | Reached XP level 1. HP: 16/16 MP: 2/2
     0 | D:1      | magus.rc [v1.9.6]
   273 | D:1      | Reached XP level 2. HP: 21/22 MP: 0/4
   436 | D:1      | Reached skill level 2 in Spellcasting
   556 | D:1      | Reached skill level 1 in Air Magic
   820 | D:1      | Found Ompi's Vocational Training.
  1194 | D:2      | Reached XP level 3. HP: 21/27 MP: 0/6
  1260 | D:2      | You pick up a book of Winter and begin reading...
  1260 | D:2      | You add the spells Ozocubu's Armour, Metabolic Englaciation
                  | and Sculpt Simulacrum to your library.
  1485 | D:2      | Reached skill level 3 in Conjurations
  1491 | D:2      | Reached skill level 3 in Spellcasting
  1491 | D:2      | Reached XP level 4. HP: 24/33 MP: 1/8
  1626 | D:2      | Identified the +4 ring mail of Femicuck {Will- rCorr Str+3
                  | SInv}
  1968 | D:2      | You pick up a book of Transmutation and begin reading...
  1968 | D:2      | You add the spells Petrify and Irradiate to your library.
  2042 | D:2      | You pick up a book of Minor Magic and begin reading...
  2042 | D:2      | You add the spells Magic Dart, Blink and Call Imp to your
                  | library.
  2103 | D:2      | Found a runed translucent door.
  2104 | D:2      | Noticed Crazy Yiuf
  2659 | D:3      | Reached skill level 2 in Air Magic
  3006 | D:3      | Reached XP level 5. HP: 36/38 MP: 3/10
  3178 | D:3      | Noticed a phantom
  3196 | D:3      | HP: 7/38 [phantom (3)]
  3197 | D:3      | Killed a phantom
  3198 | D:3      | Reached skill level 4 in Spellcasting
  3423 | D:3      | Found a hide-covered altar of Uskayaw.
  3700 | D:3      | Learned a level 2 spell: Call Imp
  3722 | D:4      | Noticed an ogre
  3734 | D:4      | Killed an ogre
  3735 | D:4      | Reached XP level 6. HP: 44/44 MP: 10/13
  3753 | D:4      | Reached skill level 4 in Conjurations
  3783 | D:4      | Found a blossoming altar of Fedhas.
  3826 | D:4      | Reached skill level 1 in Summonings
  3872 | D:4      | Reached skill level 5 in Spellcasting
  3902 | D:4      | You fall into a shaft and drop 1 floor!
  3902 | D:5      | Entered Level 5 of the Dungeon
  3946 | D:5      | Reached skill level 2 in Summonings
  4015 | D:4      | Reached XP level 7. HP: 46/50 MP: 11/15
  4221 | D:4      | Noticed Menkaure
  4237 | D:5      | Killed Menkaure
  4238 | D:5      | Reached skill level 6 in Spellcasting
  4243 | D:5      | Reached skill level 3 in Summonings
  4455 | D:4      | Reached skill level 7 in Spellcasting
  4619 | D:4      | Reached skill level 8 in Spellcasting
  4692 | D:4      | Found a shadowy altar of Dithmenos.
  4952 | D:5      | Reached skill level 3 in Fighting
  4952 | D:5      | Reached XP level 8. HP: 58/58 MP: 17/20
  5797 | D:2      | Killed Crazy Yiuf
  5798 | D:2      | Reached skill level 4 in Fighting
  5992 | D:6      | Noticed Pikel
  6093 | D:6      | Reached skill level 5 in Fighting
  6196 | D:6      | Found an ancient bone altar of Kikubaaqudgha.
  6250 | D:6      | Killed Pikel
  6251 | D:6      | Reached skill level 6 in Fighting
  6251 | D:6      | Reached skill level 5 in Conjurations
  6256 | D:6      | Learned a level 4 spell: Fulminant Prism
  6377 | D:6      | Found a transporter.
  6377 | D:6      | Found a transporter.
  6377 | D:6      | Noticed a hornet
  6377 | D:6      | Noticed Pi314's ghost (novice HuAr)
  6451 | D:6      | Found a staircase to the Ecumenical Temple.
  6455 | D:6      | Noticed Edmund
  6467 | D:6      | Reached XP level 9. HP: 69/69 MP: 21/21
  6474 | D:6      | Killed Edmund
  6475 | D:6      | Reached skill level 1 in Alchemy
  6488 | D:6      | Noticed Sigmund
  6491 | Temple   | Entered the Ecumenical Temple
  6510 | Temple   | Became a worshipper of Ashenzari the Shackled
  6546 | D:6      | Killed Sigmund
  6547 | D:6      | Reached skill level 2 in Alchemy
  6554 | D:6      | Reached skill level 6 in Conjurations
  6554 | D:6      | Found a transporter.
  6751 | D:6      | Noticed a kobold demonologist
  6757 | D:6      | Found a transporter.
  7164 | D:7      | Noticed Duvessa
  7164 | D:7      | Noticed Dowan
  7241 | D:7      | Found an iron altar of Okawaru.
  7241 | D:7      | Found a basalt altar of Yredelemnul.
  7241 | D:7      | Found a stormy altar of Qazlal.
  7303 | D:7      | Reached skill level 3 in Alchemy
  7454 | D:7      | Reached skill level 4 in Alchemy
  8095 | D:7      | Killed Duvessa
  8095 | D:7      | Killed Dowan
  8150 | D:7      | Noticed Maggie
  8179 | D:7      | Found an ornate altar of the Wu Jian Council.
  8209 | D:8      | Reached skill level 9 in Spellcasting
  8209 | D:8      | Reached skill level 5 in Alchemy
  8210 | D:8      | HP: 7/69 [steam dragon/ball of steam (12)]
  8214 | D:8      | HP: 1/69 [steam dragon/ball of steam (7)]
  8219 | D:8      | Noticed Grum
  8516 | D:8      | Reached XP level 10. HP: 55/76 MP: 15/23
  8599 | D:8      | Reached skill level 10 in Spellcasting
  8640 | D:8      | Reached skill level 6 in Alchemy
  8643 | D:8      | Killed Grum
  8824 | D:8      | Reached * piety under Ashenzari
  8830 | D:8      | Identified the +1 hand axe "Azxiruan" {heavy, rF- Str+4
                  | Dex+3}
  8910 | D:8      | Reached skill level 7 in Fighting
  9038 | D:8      | Found a snail-covered altar of Cheibriados.
  9086 | D:8      | Found a staircase to the Lair.
  9101 | D:8      | Reached skill level 8 in Fighting
  9234 | D:8      | Found a shimmering blue altar of Sif Muna.
  9711 | D:9      | Found an opulent altar of Gozag.
  9901 | D:9      | Noticed a two-headed ogre
  9923 | D:9      | Killed a two-headed ogre
  9924 | D:9      | Reached skill level 9 in Fighting
  9993 | D:9      | You pick up a book of Transmutation and begin reading...
 10178 | D:9      | Reached skill level 10 in Fighting
 10211 | D:9      | Found a hazy altar of Hepliaklqana.
 10317 | D:10     | Entered Level 10 of the Dungeon
 10332 | D:10     | Reached ** piety under Ashenzari
 10474 | D:10     | Noticed a gargoyle
 10488 | D:10     | HP: 17/85 [gargoyle/+0 flail (8)]
 10489 | D:10     | Killed a gargoyle
 10490 | D:10     | Reached skill level 2 in Dodging
 10594 | D:10     | Reached XP level 11. HP: 87/90 MP: 25/25
 10614 | D:10     | Reached skill level 3 in Dodging
 10655 | D:10     | Noticed a centaur warrior
 10703 | D:10     | You pick up a book of Displacement and begin reading...
 10703 | D:10     | You add the spells Lesser Beckoning, Gell's Gravitas and
                  | Teleport Other to your library.
 10713 | D:10     | You pick up a book of Spontaneous Combustion and begin
                  | reading...
 10713 | D:10     | You add the spells Inner Flame and Ignition to your
                  | library.
 10795 | D:10     | Killed a centaur warrior
 10796 | D:10     | Reached skill level 4 in Dodging
 11122 | Lair:1   | Entered Level 1 of the Lair of Beasts
 11307 | Lair:1   | Learned a level 5 spell: Irradiate
 11488 | Lair:1   | You add the spells Vhi's Electric Charge, Arcjolt and
                  | Maxwell's Capacitive Coupling to your library.
 11506 | Lair:1   | Reached skill level 11 in Spellcasting
 11542 | Lair:1   | Noticed an ice dragon
 11687 | Lair:1   | Reached skill level 11 in Fighting
 11885 | Lair:1   | Reached skill level 12 in Spellcasting
 11936 | Lair:1   | Killed an ice dragon
 11972 | Lair:1   | Reached skill level 12 in Fighting
 11972 | Lair:1   | Reached skill level 1 in Staves
 11974 | Lair:1   | Reached XP level 12. HP: 37/102 MP: 15/28
 12064 | Lair:1   | You pick up a book of Misfortune and begin reading...
 12064 | Lair:1   | You add the spells Jinxbite, Yara's Violent Unravelling and
                  | Enfeeble to your library.
 12210 | Lair:1   | Noticed a catoblepas
 12217 | Lair:1   | Killed a catoblepas
 12218 | Lair:1   | Reached skill level 2 in Staves
 12235 | Lair:1   | Reached skill level 3 in Staves
 12673 | Lair:1   | HP: 8/102 [ice statue/shard of ice (22)]
 12755 | D:8      | Learned a level 2 spell: Blink
 12815 | Lair:2   | Identified the +1 helmet of Ennui {^Contam Fly Will+}
 12933 | Lair:2   | Reached skill level 1 in Translocations
 13057 | Lair:2   | Reached skill level 2 in Translocations
 13071 | Lair:2   | Found a staircase to the Snake Pit.
 13182 | Lair:2   | Noticed a catoblepas
 13193 | Lair:2   | Killed a catoblepas
 13550 | Lair:2   | Reached skill level 7 in Conjurations
 13550 | Lair:2   | Reached skill level 7 in Alchemy
 14222 | Lair:3   | Reached *** piety under Ashenzari
 14248 | Lair:3   | Found a transporter.
 14274 | Lair:3   | Noticed a seven-headed hydra
 14285 | Lair:3   | Reached skill level 1 in Evocations
 14286 | Lair:3   | Killed a seven-headed hydra
 14287 | Lair:3   | Reached skill level 2 in Evocations
 14353 | Lair:3   | Reached skill level 3 in Evocations
 14429 | Lair:3   | Found a transporter.
 14431 | Lair:3   | Identified the staff of Slow Death {Str+5 Dex+4 Conj}
 14432 | Lair:3   | Identified the +2 pair of boots "Xuseumuv" {Slay+2}
 14530 | Lair:3   | Reached **** piety under Ashenzari
 14561 | Lair:3   | Noticed a boulder beetle
 14561 | Lair:3   | Noticed a boulder beetle
 14586 | Lair:3   | Noticed a six-headed hydra
 14824 | Lair:3   | Found a staircase to the Shoals.
 15061 | Lair:3   | Reached skill level 1 in Armour
 15063 | Lair:3   | Reached skill level 2 in Armour
 15178 | Lair:4   | Noticed Snorg
 15256 | Lair:4   | Noticed Urug
 15265 | Lair:4   | Killed Urug
 15266 | Lair:4   | Gained mutation: You are strongly in touch with the powers
                  | of death. [Mummy growth]
 15266 | Lair:4   | Reached XP level 13. HP: 80/114 MP: 17/31
 15333 | Lair:4   | Reached skill level 1 in Shields
 15415 | Lair:4   | Found a staircase to the Slime Pits.
 15455 | Lair:4   | You pick up a book of Blood and begin reading...
 15487 | Lair:4   | Reached skill level 2 in Shields
 15514 | Lair:4   | Killed Snorg
 15566 | Lair:4   | Reached skill level 3 in Shields
 15609 | Lair:4   | Reached skill level 4 in Shields
 15777 | Lair:4   | Reached skill level 5 in Shields
 15860 | Lair:4   | Reached skill level 5 in Dodging
 16091 | Lair:4   | Noticed a dire elephant
 16108 | Lair:4   | Killed a dire elephant
 16192 | Lair:4   | Reached skill level 6 in Dodging
 16498 | Lair:5   | Entered Level 5 of the Lair of Beasts
 16548 | Lair:5   | Learned a level 5 spell: Yara's Violent Unravelling
 16566 | Lair:5   | Reached skill level 1 in Hexes
 16578 | Lair:5   | Reached skill level 2 in Hexes
 16640 | Lair:5   | Reached skill level 3 in Hexes
 16658 | Lair:5   | Reached skill level 4 in Hexes
 16660 | Lair:5   | Reached skill level 5 in Hexes
 16976 | Lair:5   | Reached XP level 14. HP: 123/123 MP: 26/33
 17246 | Lair:5   | Reached skill level 13 in Spellcasting
 17372 | Lair:5   | Paralysed by a chaos spawn for 1 turns
 17404 | Lair:5   | Reached skill level 13 in Fighting
 17592 | Lair:5   | Found a corrupted altar of Lugonu.
 17592 | Lair:5   | Found a one-way gate to the infinite horrors of the Abyss.
 18467 | D:11     | Reached skill level 4 in Evocations
 18520 | D:11     | Reached skill level 4 in Staves
 18634 | D:11     | Reached skill level 5 in Evocations
 18720 | D:11     | Reached skill level 5 in Staves
 19072 | D:11     | Found Oreano Rini's Jewellery Shop.
 19072 | D:11     | Identified the +11 flail "Elawul" {flame, ^Contam rC+
                  | Dex+5}
 19084 | D:11     | Bought a ring of protection from fire for 425 gold pieces
 19786 | D:12     | Found a staircase to the Orcish Mines.
 19996 | D:12     | Reached skill level 6 in Staves
 20180 | D:12     | Noticed Jorgrun
 20186 | D:12     | Killed Jorgrun
 20430 | Orc:1    | Entered Level 1 of the Orcish Mines
 20577 | Orc:1    | Noticed an orc warlord
 20641 | D:12     | Learned a level 3 spell: Teleport Other
 20808 | Orc:2    | Entered Level 2 of the Orcish Mines
 20808 | Orc:2    | Found a staircase to the Elven Halls.
 20965 | Orc:2    | Reached XP level 15. HP: 129/129 MP: 34/34
 20986 | Orc:2    | Learned a level 6 spell: Sculpt Simulacrum
 21245 | Orc:2    | Reached skill level 1 in Ice Magic
 21401 | Orc:2    | Reached skill level 2 in Ice Magic
 21447 | Orc:2    | Reached skill level 3 in Ice Magic
 21641 | Orc:2    | Reached skill level 4 in Ice Magic
 21709 | Orc:2    | Found Raghan's Magic Scroll Shop.
 21712 | Orc:2    | Found Qisuzycu's Jewellery Boutique.
 21713 | Orc:2    | Found Cagizoh's Assorted Antiques.
 21714 | Orc:2    | Found Sovuded's Weapon Shop.
 21721 | Orc:2    | Bought a scroll of acquirement for 728 gold pieces
 21721 | Orc:2    | Bought a scroll of teleportation for 42 gold pieces
 21721 | Orc:2    | Bought a scroll of teleportation for 42 gold pieces
 21721 | Orc:2    | Bought a scroll of teleportation for 42 gold pieces
 21721 | Orc:2    | Acquired 1081 gold pieces
 21723 | Orc:2    | Bought a scroll of poison for 56 gold pieces
 21723 | Orc:2    | Bought a scroll of revelation for 105 gold pieces
 21727 | Orc:2    | Bought a jewelled scale mail for 243 gold pieces
 21727 | Orc:2    | Identified the +2 scale mail of the Lumpy Nights {Dex+3}
                  | (You bought it in a shop on level 2 of the Orcish Mines)
 21728 | Orc:2    | Bought a long lead wand for 108 gold pieces
 21728 | Orc:2    | Bought an encrusted jade ring for 135 gold pieces
 21883 | Orc:1    | Reached ***** piety under Ashenzari
 22032 | D:12     | magus.rc [v1.9.6]
 22407 | D:13     | Reached skill level 7 in Staves
 22426 | D:13     | You pick up a book of Burglary and begin reading...
 22426 | D:13     | You add the spells Ensorcelled Hibernation, Swiftness and
                  | Passwall to your library.
 22439 | D:13     | Noticed Josephine
 22448 | D:13     | Reached skill level 5 in Ice Magic
 22449 | D:13     | Killed Josephine
 22578 | D:13     | Found a gate to the Vaults.
 22919 | D:13     | Noticed Rupert
 23334 | D:14     | Reached skill level 6 in Ice Magic
 23412 | D:14     | Found a transporter.
 23413 | D:14     | Noticed Safywk's ghost (journeyman MiFi)
 23770 | D:14     | Found a transporter.
 23775 | D:14     | Found a bloodstained altar of Trog.
 24194 | D:15     | Entered Level 15 of the Dungeon
 24586 | D:15     | Found a staircase to the Depths.
 24591 | D:15     | Reached skill level 7 in Dodging
 24807 | D:15     | Found Vaeblif's Overcharged Wands.
 24814 | D:15     | Reached skill level 8 in Dodging
 25106 | D:15     | Reached XP level 16. HP: 119/136 MP: 21/35
 25312 | D:15     | Learned a level 5 spell: Metabolic Englaciation
 25533 | Snake:1  | Entered Level 1 of the Snake Pit
 25538 | Snake:1  | Reached skill level 3 in Armour
 25562 | Snake:1  | magus.rc [v1.9.6]
 25602 | Snake:1  | magus.rc [v1.9.6]
 25710 | Snake:1  | Reached skill level 4 in Armour
 25953 | Snake:1  | Identified the +7 ring mail of Xoanar {MP+9}
 26483 | Snake:1  | Reached skill level 5 in Armour
 27186 | Snake:1  | magus.rc [v1.9.6]
 27224 | Snake:2  | You pick up a book of Minor Magic and begin reading...
 27346 | Snake:2  | Reached skill level 6 in Armour
 27380 | Snake:2  | Identified the +4 ring mail "Bigunisu" {+Inv rElec Int+7
                  | Stlth-}
 27583 | Snake:2  | Learned a level 5 spell: Arcjolt
 27778 | Snake:2  | You pick up a book of Debilitation and begin reading...
 27778 | Snake:2  | You add the spells Slow, Sigil of Binding, Vampiric
                  | Draining and Confusing Touch to your library.
 27783 | Snake:2  | You pick up a book of Sloth and begin reading...
 27783 | Snake:2  | You add the spells Frozen Ramparts and Leda's Liquefaction
                  | to your library.
 27934 | Snake:2  | Found a runed translucent gate.
 27934 | Snake:2  | Found a runed translucent gate.
 27935 | Snake:2  | Found a runed translucent gate.
 27941 | Snake:2  | Noticed p0werm0de's ghost (adept MiFi)
 28104 | Snake:3  | Reached skill level 7 in Armour
 28295 | Snake:3  | Reached skill level 3 in Air Magic
 28379 | Snake:3  | Reached skill level 4 in Air Magic
 28637 | Snake:3  | Identified the +9 battleaxe "Grim Tooth" {freeze, Str+2
                  | Stlth+}
 28753 | Snake:3  | You pick up a book of Frost and begin reading...
 28753 | Snake:3  | You add the spells Freeze and Hailstorm to your library.
 28788 | Snake:3  | Reached skill level 5 in Air Magic
 29330 | Snake:4  | Entered Level 4 of the Snake Pit
 29334 | Snake:4  | Reached skill level 6 in Air Magic
 29418 | Snake:4  | Found a glacial archway.
 29422 | IceCv    | Entered an ice cave
 29465 | IceCv    | Reached skill level 14 in Spellcasting
 29466 | IceCv    | Reached XP level 17. HP: 139/145 MP: 27/38
 29918 | IceCv    | Identified the amulet "Wucun" {Spirit rF+++ Str-4 Int+3
                  | SInv}
 30120 | Snake:4  | Found Joysm's Book Boutique.
 30197 | Snake:4  | Reached skill level 14 in Fighting
 30311 | Snake:4  | Bought a book of Death for 528 gold pieces
 30311 | Snake:4  | You pick up a book of Death and begin reading...
 30311 | Snake:4  | You add the spells Animate Dead and Infestation to your
                  | library.
 30316 | Snake:4  | Learned a level 4 spell: Animate Dead
 30371 | Snake:4  | Reached skill level 1 in Necromancy
 30625 | Snake:4  | Reached skill level 2 in Necromancy
 30839 | Snake:4  | Reached skill level 3 in Necromancy
 31178 | Snake:4  | Noticed a quicksilver dragon
 31187 | Snake:4  | Killed a quicksilver dragon
 31188 | Snake:4  | Reached skill level 4 in Necromancy
 31211 | Snake:4  | Reached skill level 5 in Necromancy
 31573 | Snake:4  | You pick up a book of the Wilderness and begin reading...
 31573 | Snake:4  | You add the spells Summon Forest, Summon Mana Viper and
                  | Summon Cactus Giant to your library.
 31662 | Snake:4  | Got a serpentine rune of Zot
 31698 | Snake:4  | magus.rc [v1.9.6]
 31731 | Snake:4  | Bought a book of Battle for 312 gold pieces
 31731 | Snake:4  | You pick up a book of Battle and begin reading...
 31731 | Snake:4  | You add the spells Fugue of the Fallen and Manifold Assault
                  | to your library.
 31735 | Snake:4  | Learned a level 3 spell: Fugue of the Fallen
 32067 | Orc:2    | Bought a scroll of amnesia for 56 gold pieces
 32073 | Orc:2    | Learned a level 4 spell: Leda's Liquefaction
 32467 | Shoals:1 | Entered Level 1 of the Shoals
 32473 | Shoals:1 | Learned a level 4 spell: Vhi's Electric Charge
 32475 | Shoals:1 | magus.rc [v1.9.6]
 32553 | Shoals:1 | Reached skill level 6 in Necromancy
 32553 | Shoals:1 | Reached skill level 1 in Earth Magic
 32590 | Shoals:1 | Reached skill level 2 in Earth Magic
 32604 | Shoals:1 | You pick up a book of Decay and begin reading...
 32604 | Shoals:1 | You add the spells Cigotuvi's Dreadful Rot, Dispel Undead,
                  | Martyr's Knell and Death Channel to your library.
 32637 | Shoals:1 | Learned a level 6 spell: Death Channel
 33401 | Shoals:2 | Reached skill level 7 in Necromancy
 33401 | Shoals:2 | Reached skill level 3 in Earth Magic
 33457 | Shoals:2 | Identified the serpent talisman of a wizard's laboratory
                  | {Will++}
 33457 | Shoals:2 | Noticed Aizul
 33469 | Shoals:2 | Killed Aizul
 33914 | Shoals:2 | You pick up a book of the Earth and begin reading...
 33914 | Shoals:2 | You add the spells Lee's Rapid Deconstruction and Bombard
                  | to your library.
 33948 | Shoals:2 | Reached skill level 8 in Necromancy
 34503 | Shoals:3 | You pick up a book of Minor Magic and begin reading...
 34676 | Shoals:3 | Reached skill level 9 in Necromancy
 35254 | Shoals:3 | Noticed Ilsuiw
 35277 | Shoals:3 | Killed Ilsuiw
 35278 | Shoals:3 | Reached skill level 10 in Necromancy
 35278 | Shoals:3 | Reached XP level 18. HP: 103/153 MP: 4/39
 35708 | Shoals:3 | Found Settul's Armour Boutique.
 35938 | Shoals:4 | Entered Level 4 of the Shoals
 35979 | Shoals:4 | Reached skill level 15 in Spellcasting
 36185 | Shoals:4 | Found Eshry's Assorted Antiques.
 36300 | Shoals:4 | Bought a phial of floods for 1280 gold pieces
 36374 | Shoals:4 | You pick up a book of Sloth and begin reading...
 37402 | Shoals:4 | Reached skill level 16 in Spellcasting
 37516 | Shoals:4 | Got a barnacled rune of Zot
 37730 | Shoals:1 | Reached skill level 15 in Fighting
 38070 | Vaults:1 | Entered Level 1 of the Vaults
 38280 | Vaults:1 | Upgraded the game from 0.31-a0-1598-g94871bc2e8 to
                  | 0.31-a0-1610-g9787180647
 38280 | Vaults:1 | magus.rc [v1.9.6]
 38306 | Vaults:1 | Learned a level 7 spell: Haunt
 38640 | Vaults:1 | Identified the +2 leather armour of Dishonour {-Tele
                  | *Corrode Str+8 Int+6}
 38665 | Vaults:1 | Reached skill level 4 in Summonings
 39098 | Vaults:1 | Identified the +6 ring mail "Gittar" {Str+5 Slay+3}
 39559 | Vaults:1 | Reached skill level 17 in Spellcasting
 39650 | Vaults:1 | Found a portal to a secret trove of treasure.
 39713 | Vaults:1 | Reached skill level 5 in Summonings
 39713 | Vaults:1 | Reached skill level 11 in Necromancy
 39800 | Vaults:1 | You pick up a book of Burglary and begin reading...
 40197 | Vaults:2 | Reached XP level 19. HP: 134/167 MP: 11/43
 40438 | Vaults:2 | Noticed Wuemn's ghost (adept MiFi)
 40443 | Vaults:2 | Found a transporter.
 40443 | Vaults:2 | Found a transporter.
 40533 | Vaults:2 | Reached skill level 6 in Summonings
 40949 | Vaults:2 | Identified the +1 scale mail "Herchum" {Regen+ Str+2 Dex+3
                  | SInv}
 41167 | Vaults:2 | Reached skill level 12 in Necromancy
 41283 | Vaults:2 | Found a staircase to the Crypt.
 41283 | Vaults:2 | Found a basalt altar of Yredelemnul.
 41283 | Vaults:2 | Found an ancient bone altar of Kikubaaqudgha.
 41651 | Vaults:2 | Reached skill level 7 in Summonings
 42078 | Vaults:2 | Reached ****** piety under Ashenzari
 42487 | Vaults:3 | Reached skill level 13 in Necromancy
 42514 | Vaults:3 | Reached skill level 8 in Summonings
 43249 | Vaults:3 | Noticed a dread lich
 43267 | Vaults:3 | Killed a dread lich
 43649 | Vaults:3 | Reached skill level 9 in Summonings
 43707 | Vaults:3 | Found a large runed translucent door.
 43707 | Vaults:3 | Found a large runed translucent door.
 43708 | Vaults:3 | Noticed Ukhlin's ghost (adept DsMo)
 43741 | Vaults:3 | Reached skill level 14 in Necromancy
 43844 | Vaults:3 | Reached XP level 20. HP: 177/178 MP: 15/46
 43844 | Vaults:3 | Identified the +0 chain mail of Doomed Miracles {+Inv rC+
                  | Dex+4}
 43874 | Vaults:3 | You pick up a book of the Hunter and begin reading...
 43874 | Vaults:3 | You add the spells Call Canine Familiar and Dimensional
                  | Bullseye to your library.
 44194 | Vaults:3 | Found Zeamo Osmya's General Store.
 45164 | Vaults:4 | Identified the +10 sling of Wesu {drain, Int+4}
 45680 | Vaults:4 | Reached skill level 16 in Fighting
 45680 | Vaults:4 | Reached skill level 18 in Spellcasting
 46687 | Elf:1    | Entered Level 1 of the Elven Halls
 46705 | Elf:1    | Learned a level 8 spell: Infestation
 46712 | Elf:1    | Learned a level 6 spell: Bombard
 46730 | Elf:1    | Found Wupnuwki's Antique Weapon Shop.
 46892 | Elf:1    | Paralysed by an air elemental for 1 turns
 47798 | Elf:1    | Paralysed by an air elemental for 1 turns
 47922 | Elf:1    | magus.rc [v1.9.6]
 47958 | Elf:2    | Reached skill level 19 in Spellcasting
 48480 | Elf:2    | Found a runed translucent gate.
 48481 | Elf:2    | Found a runed translucent gate.
 48481 | Elf:2    | Identified the +2 mace of Fragile Peace {freeze, rC- Dex+8}
 48494 | Elf:2    | Found a runed translucent gate.
 48737 | Elf:3    | Entered Level 3 of the Elven Halls
 48744 | Elf:3    | Reached skill level 17 in Fighting
 48869 | Elf:3    | Found a shimmering blue altar of Sif Muna.
 49500 | Elf:3    | HP: 44/184 [deep elf master archer/arrow (27)]
 49503 | Elf:3    | HP: 21/184 [ghostly deep elf master archer/arrow (15)]
 50167 | Elf:3    | Reached XP level 21. HP: 176/191 MP: 15/50
 50196 | Elf:3    | Reached skill level 20 in Spellcasting
 50371 | Elf:3    | Identified the +2 robe "Voamn" {Harm rElec Str-5 Slay-2}
 50411 | Elf:3    | Identified the ring of Springtime {rElec rPois rF- Will+++
                  | Int+3}
 50501 | Elf:3    | Identified the ring of Due Proportion {Ice ^Contam rPois
                  | MP+9}
 50615 | Elf:3    | Identified +0 pearl dragon scales
 50616 | Elf:3    | You pick up a book of Spatial Translocations and begin
                  | reading...
 50619 | Elf:3    | You pick up a book of Flames and begin reading...
 50619 | Elf:3    | You add the spells Sticky Flame and Flame Wave to your
                  | library.
 50641 | Elf:3    | l - +0 pearl dragon scales {rare=g}
 50642 | Elf:3    | You drop +0 pearl dragon scales {rare=g}.
 50702 | Elf:3    | l - +0 pearl dragon scales {rare=g}
 50771 | Elf:3    | You pick up a book of Decay and begin reading...
 50796 | Elf:3    | Identified the +2 war axe of Agony {speed, *Noise Str+4}
 51014 | Elf:3    | magus.rc [v1.9.6]
 51269 | Depths:1 | Entered Level 1 of the Depths
 51288 | Depths:1 | Reached skill level 18 in Fighting
 51292 | Depths:1 | Noticed Mara
 51548 | Depths:1 | Found a flickering gateway to a bazaar.
 51566 | Bazaar   | Entered a bazaar
 51712 | Bazaar   | Found Qayzaog's Assorted Antiques.
 51712 | Bazaar   | Found Lacsonny's Magic Scroll Boutique.
 51713 | Bazaar   | Found Ruagh's Antique Armour Emporium.
 51714 | Bazaar   | Found Cimoo's Weapon Emporium.
 51859 | Bazaar   | Bought a pair of glowing gloves for 247 gold pieces
 51871 | Bazaar   | Bought a scroll of amnesia for 64 gold pieces
 51871 | Bazaar   | Bought a scroll of amnesia for 64 gold pieces
 51871 | Bazaar   | Bought a scroll of teleportation for 48 gold pieces
 51935 | Depths:1 | Found Tahoir's Book Shop.
 51937 | Depths:1 | Found Ysootass's Armour Boutique.
 51939 | Depths:1 | Found Oxuan's Antique Weapon Shop.
 51948 | Depths:1 | Bought a smoking rapier for 441 gold pieces
 51948 | Depths:1 | Identified the +7 rapier of the Grave {holy, *Slow rF+++
                  | Int+3} (You bought it in a shop on level 1 of the Depths)
 51972 | Depths:1 | Reached skill level 21 in Spellcasting
 52001 | Depths:1 | Noticed MackTheKnife's illusion
 52014 | Depths:1 | Killed Mara
 52365 | Depths:1 | Found a transporter.
 52450 | Depths:1 | Found a gateway to Hell.
 52625 | Depths:1 | Reached skill level 2 in Long Blades
 53018 | Depths:2 | Reached skill level 3 in Long Blades
 53129 | Depths:2 | Found a one-way gate leading to the halls of Pandemonium.
 53257 | Depths:2 | Found a one-way gateway to a ziggurat.
 53558 | Depths:2 | Reached skill level 4 in Long Blades
 53729 | Depths:2 | Found a runed translucent gate.
 53729 | Depths:2 | Found a runed translucent gate.
 53729 | Depths:2 | Found a runed translucent gate.
 53729 | Depths:2 | Noticed Mafape's ghost (veteran OnGl)
 53733 | Depths:2 | Found a basalt altar of Yredelemnul.
 54090 | Depths:2 | Reached skill level 5 in Long Blades
 54522 | Depths:2 | Reached skill level 6 in Long Blades
 54723 | Depths:2 | Noticed a golden dragon
 54728 | Depths:2 | Killed a golden dragon
 54796 | Depths:2 | Reached skill level 7 in Long Blades
 55444 | Orc:2    | Bought a scroll of enchant weapon for 202 gold pieces
 55839 | Depths:3 | Reached XP level 22. HP: 128/198 MP: 6/50
 56186 | Depths:3 | Reached skill level 8 in Long Blades
 56384 | Depths:3 | Identified +8 gold dragon scales
 56384 | Depths:3 | Noticed Parghit
 56991 | Depths:3 | Found a sacrificial altar of Ru.
 57017 | Depths:3 | Killed Parghit
 57018 | Depths:3 | Reached skill level 9 in Long Blades
 57019 | Depths:3 | 3 large rocks {=fthrowing}; +8 gold dragon scales {rare}
 57378 | Depths:3 | Identified the +5 demon trident of Lies {flame, Int+4 Dex-2
                  | Stlth+}
 57385 | Depths:3 | You add the spells Malign Gateway and Summon Horrible
                  | Things to your library.
 57539 | Depths:3 | Noticed a golden dragon
 57759 | Depths:4 | Entered Level 4 of the Depths
 57763 | Depths:4 | Noticed a golden dragon
 57776 | Depths:4 | Killed a golden dragon
 57777 | Depths:4 | Reached skill level 10 in Long Blades
 57834 | Depths:4 | Found a gate to the Realm of Zot.
 58037 | Depths:4 | Identified the +5 chain mail of Gogam {rN+ rCorr Str-4
                  | Slay+5}
 58273 | Depths:4 | Found a transporter.
 58274 | Depths:4 | Found a transporter.
 58274 | Depths:4 | Noticed Abugem's ghost (veteran DgCj)
 58274 | Depths:4 | Identified the +3 halberd of Awkwardness {flame, rElec
                  | Will+ Int-4}
 58274 | Depths:4 | Identified the ring of Miracles {Wiz SInv}
 58275 | Depths:4 | Identified the +5 great mace "Keprosypp" {freeze, rPois rN+
                  | Int+7 Stlth-}
 58282 | Depths:4 | Reached skill level 11 in Long Blades
 58370 | Depths:4 | Found Nisabeu's Book Shop.
 58371 | Depths:4 | Found Yrghuzoyru's Jewellery Emporium.
 58371 | Depths:4 | Found Boxzo's Jewellery Emporium.
 58433 | Depths:4 | Noticed Vv
 58456 | Depths:4 | HP: 46/200 [Vv (9)]
 58458 | Depths:4 | Killed Vv
 59125 | Depths:4 | Learned a level 4 spell: Dispel Undead
 59395 | Vaults:5 | Entered Level 5 of the Vaults
 59400 | Vaults:5 | Reached skill level 9 in Dodging
 59419 | Vaults:5 | Reached skill level 10 in Dodging
 59434 | Vaults:5 | Identified the +6 mace "Tytwoch" {spect, Str+3 Int+3}
 59697 | Vaults:5 | Found Qaej Kus's Antique Armour Shoppe.
 59700 | Vaults:5 | Got a silver rune of Zot
 59930 | Vaults:5 | Reached skill level 11 in Dodging
 59949 | Vaults:5 | Reached skill level 2 in Stealth
 59950 | Vaults:5 | Reached XP level 23. HP: 178/206 MP: 18/52
 59960 | Vaults:5 | Reached skill level 3 in Stealth
 59965 | Vaults:5 | Reached skill level 4 in Stealth
 59984 | Vaults:5 | Reached skill level 5 in Stealth
 60014 | Vaults:5 | HP: 51/206 [glowing orange brain (glowing
                  | shapeshifter)/psychic fangs (7)]
 60356 | Vaults:5 | You pick up a book of Spatial Translocations and begin
                  | reading...
 60362 | Vaults:5 | You pick up a book of Fire and begin reading...
 60362 | Vaults:5 | You add the spells Foxfire, Plasma Beam and Starburst to
                  | your library.
 60368 | Vaults:5 | You pick up a book of Conjurations {@e2} and begin
                  | reading...
 60664 | Vaults:5 | Reached skill level 19 in Fighting
 60855 | Vaults:5 | You pick up a book of Death and begin reading...
 60869 | Vaults:5 | Bought a pair of glowing gloves for 262 gold pieces
 61024 | Vaults:5 | Identified +0 gold dragon scales
 61233 | Vaults:5 | You pick up a book of Decay and begin reading...
 61292 | Vaults:5 | Identified the Papyrus of Atmospheric Bombardment
 61322 | Vaults:5 | You add the spells Sting, Mercury Vapours and Olgreb's
                  | Toxic Radiance to your library.
 61325 | Vaults:5 | You add the spells Static Discharge, Conjure Ball Lightning
                  | and Fire Storm to your library.
 61361 | Vaults:5 | Reached skill level 22 in Spellcasting
 61527 | Vaults:5 | You pick up a book of Necromancy and begin reading...
 61527 | Vaults:5 | You add the spells Necrotise and Curse of Agony to your
                  | library.
 61531 | Vaults:5 | Identified the ring "Hintiny" {EV+5 Str+3 Int+3 Dex-2}
 61567 | Vaults:5 | +0 shadow dragon scales {rare}; a shadow dragon corpse
 61896 | Vaults:5 | You pick up a book of Unlife and begin reading...
 61898 | Vaults:5 | You pick up a book of Callings and begin reading...
 61898 | Vaults:5 | You add the spells Summon Small Mammal and Summon
                  | Blazeheart Golem to your library.
 61905 | Vaults:5 | You pick up a book of Frost and begin reading...
 61980 | Vaults:5 | You pick up a book of Callings and begin reading...
 62183 | Vaults:5 | a +0 chain mail; a +0 long sword {long}; +0 gold dragon
                  | scales {rare}
 62623 | Crypt:1  | Entered Level 1 of the Crypt
 62624 | Crypt:1  | magus.rc [v1.9.6]
 62921 | Zot:1    | Entered Level 1 of the Realm of Zot
 63442 | Zot:2    | Reached skill level 6 in Shields
 63961 | Zot:5    | Entered Level 5 of the Realm of Zot
 63962 | Zot:5    | Noticed a dread lich
 64096 | Zot:5    | Noticed a curse toe
 64120 | Zot:5    | Killed a curse toe
 64146 | Zot:5    | Reached skill level 7 in Shields
 64731 | Zot:5    | You pick up a book of Annihilations and begin reading...
 64731 | Zot:5    | You add the spells Chain Lightning and Shatter to your
                  | library.
 64829 | Zot:5    | Noticed a curse toe
 64863 | Zot:5    | Killed a curse toe
 64895 | Zot:5    | Reached skill level 8 in Shields
 64988 | Zot:5    | Noticed a dread lich
 64988 | Zot:5    | Noticed a dread lich
 64989 | Zot:5    | Noticed an electric golem
 65002 | Zot:5    | Killed an electric golem
 65241 | Zot:5    | Noticed a dread lich
 65255 | Zot:5    | Killed a dread lich
 65316 | Zot:5    | Noticed an orb of fire
 65353 | Zot:5    | Killed an orb of fire
 65354 | Zot:5    | Reached skill level 9 in Shields
 65530 | Zot:5    | Reached XP level 24. HP: 139/212 MP: 19/52
 65695 | Zot:5    | Killed a dread lich
 65734 | Zot:5    | Killed a dread lich
 65795 | Zot:5    | Reached skill level 10 in Shields
 65872 | Zot:5    | Noticed a dread lich
 65888 | Zot:5    | Killed a dread lich
 65975 | Zot:5    | Noticed a Killer Klown
 66010 | Zot:5    | Killed a Killer Klown
 66032 | Zot:5    | Reached skill level 11 in Shields
 66032 | Zot:5    | Noticed an orb of fire
 66055 | Zot:5    | Killed a dread lich
 66058 | Zot:5    | Noticed a Killer Klown
 66081 | Zot:5    | Killed a Killer Klown
 66275 | Zot:5    | Noticed an electric golem
 66284 | Zot:5    | Noticed an orb of fire
 66558 | Zot:5    | Killed an orb of fire
 66863 | Zot:5    | Killed an orb of fire
 67010 | Zot:5    | Noticed a Killer Klown
 67083 | Zot:5    | Killed a Killer Klown
 67270 | Zot:5    | Reached skill level 15 in Necromancy
 67404 | Zot:5    | Got the Orb of Zot
 67998 | D:11     | Noticed Uluhaite the pandemonium lord
 68189 | D:$      | Escaped with the Orb!

Vanquished Creatures
  3 dread liches
  2 orbs of fire (Zot:5)
  Vv (Depths:4)
  A Killer Klown (Zot:5)
  A curse toe (Zot:5)
  4 golden dragons
  A Brimstone Fiend (Zot:5)
  An electric golem (Zot:5)
  An Ice Fiend (Zot:3)
  3 tentacled monstrosities
  A walking earthen tome (Depths:2)
  Jorgrun (D:12)
  13 Orb Guardians
  3 liches
  3 quicksilver dragons
  A deep elf blademaster (Elf:3)
  A titan (Vaults:5)
  A death cob (Zot:1)
  2 sphinxes
  2 deep elf master archers (Elf:3)
  Aizul (Shoals:2)
  6 tengu reavers
  2 storm dragons
  A draconian knight (Zot:2)
  5 shadow dragons
  2 nagarajas (Snake:4)
  A draconian monk (Zot:5)
  A frost giant (Depths:1)
  2 balrugs
  13 vault wardens
  An iron dragon (Vaults:5)
  2 draconian shifters (Zot:5)
  10 deep elf sorcerers
  2 draconian scorchers (Zot:1)
  5 fire giants
  A ghost moth (Zot:5)
  2 deep elf elementalists (Elf:3)
  3 orc warlords (Vaults:3)
  3 draconian stormcallers
  A reaper (Depths:3)
  17 ironbound preservers
  4 formless jellyfish
  11 very ugly things
  9 deep elf demonologists
  10 stone giants
  9 ironbound thunderhulks
  A green draconian (Zot:1)
  3 vampire knights (Depths:2)
  6 black draconians
  3 dire elephants
  8 spark wasps
  7 deep elf death magi (Elf:3)
  8 deep elf annihilators
  3 white draconians
  3 war gargoyles
  A purple draconian (Zot:1)
  Snorg (Lair:4)
  5 merfolk javelineers
  A yellow draconian (Zot:1)
  5 red draconians
  Josephine (D:13)
  2 merfolk impalers
  2 ettins
  8 yaktaur captains
  5 deep elf high priests
  3 fire dragons
  An entropy weaver (Vaults:5)
  6 hydras
  20 vault guards
  An ice dragon (Lair:1)
  5 great orbs of eyes
  2 hell beasts (Depths:3)
  An entropy weaver (shapeshifter) (Elf:2)
  2 rakshasas
  2 ogre magi
  2 caustic shrike simulacra (IceCv)
  An alligator snapping turtle (Shoals:4)
  3 salamander tyrants
  An Orb Guardian zombie (Zot:5)
  3 spriggan air magi
  2 catoblepae
  3 boulder beetles
  8 centaur warriors
  8 two-headed ogres
  A juggernaut simulacrum (Depths:2)
  2 satyrs
  A spriggan skeleton (Depths:1)
  2 merfolk avatars
  6 ironbound frosthearts
  4 tengu warriors
  5 death yaks (Lair:5)
  10 naga warriors
  4 anacondas
  2 vampire magi
  4 dancing weapons
  A sphinx skeleton (Depths:1)
  4 hell hogs
  3 deep troll earth magi
  6 orc high priests
  3 shock serpents
  3 thrashing horrors (Lair:5)
  4 deep troll shamans
  11 naga sharpshooters
  Urug (Lair:4)
  6 deep elf knights
  5 soul eaters (Depths:3)
  A fire crab (Lair:3)
  8 hell knights
  2 sun demons (Depths:3)
  3 skysharks
  3 salamander mystics
  An iron troll (Depths:1)
  5 skeletal warriors (D:11)
  A skyshark (shapeshifter) (Vaults:5)
  A golden dragon zombie (Depths:2)
  9 sea snakes
  2 orange crystal statues (IceCv)
  40 deep trolls
  A flayed ghost (Vaults:5)
  2 shadow demons
  8 lindwurms
  9 arcanists
  3 naga ritualists
  20 orc knights
  5 glowing orange brains
  16 ironbound convokers
  9 mana vipers
  8 deep elf archers
  A lindwurm (shapeshifter) (Vaults:5)
  A shadow dragon zombie (Vaults:5)
  A steelbarb worm (shapeshifter) (Vaults:5)
  Pikel (D:6)
  5 harpies
  3 phantasmal warriors
  20 deep elf pyromancers
  6 necromancers
  A frost giant zombie (Vaults:5)
  5 large abominations
  32 ugly things
  A manticore (shapeshifter) (Depths:2)
  23 deep elf zephyrmancers
  A stone giant zombie (Depths:2)
  4 cyclopes
  9 manticores
  3 orc sorcerers
  26 elephants
  14 fauns
  A fire giant zombie (Depths:2)
  2 kobold blastminers (Orc:2)
  6 salamanders
  A mana viper (shapeshifter) (Vaults:5)
  4 merfolk sirens
  4 moths of wrath
  A water nymph (shapeshifter) (Vaults:5)
  5 water nymphs
  An elephant (shapeshifter) (Lair:5)
  15 vault sentinels
  6 guardian serpents
  10 naga magi
  24 black mambas
  An elf zombie (Elf:3)
  3 smoke demons
  12 cane toads
  6 gargoyles
  2 unseen horrors (D:11)
  A yellow draconian zombie (Depths:4)
  An unseen horror (shapeshifter) (Elf:3)
  20 human zombies
  2 rime drakes (Lair:1)
  34 yaktaurs
  5 komodo dragons
  An efreet (D:15)
  6 freezing wraiths
  2 ice devils (Lair:1)
  A yaktaur skeleton (Vaults:5)
  6 tengu conjurers
  20 merfolk
  9 trolls
  2 golden dragon simulacra (IceCv)
  7 polar bears
  2 alligator simulacra (IceCv)
  A nameless horror (Zot:5)
  A merfolk (shapeshifter) (Vaults:5)
  12 blink frogs (Lair:5)
  2 glass eyes
  2 raiju (Lair:5)
  8 dream sheep
  Sigmund (D:6)
  8 snapping turtles
  A dream sheep (shapeshifter) (Vaults:5)
  A raiju (shapeshifter) (D:14)
  2 shadows (D:11)
  52 slime creatures
  3 spriggans
  7 wraiths
  10 water elementals
  3 air elementals
  46 yaks
  4 wyverns
  7 slime creature zombies
  4 fire bats
  A yak (shapeshifter) (D:14)
  Grum (D:8)
  4 fire elementals
  2 dire elephant simulacra (IceCv)
  9 basilisks
  5 wargs
  A steam dragon (D:8)
  3 vampire mosquitoes
  3 chaos spawn (Lair:5)
  A tengu zombie (Depths:2)
  9 small abominations (Lair:5)
  Menkaure (D:5)
  Edmund (D:6)
  A merfolk zombie (Shoals:2)
  A harpy simulacrum (IceCv)
  37 nagas
  7 deep troll zombies
  A water nymph zombie (Shoals:3)
  13 water moccasins
  Duvessa (D:7)
  2 hydra simulacra (IceCv)
  3 hell hounds (Lair:3)
  A swamp drake (shapeshifter) (D:15)
  A black bear (Lair:2)
  4 sky beasts
  37 orc warriors
  An ice beast (D:7)
  4 laughing skulls
  2 dream sheep zombies (Shoals:3)
  An ettin simulacrum (IceCv)
  7 boggarts
  2 redbacks (shapeshifter) (Vaults:5)
  9 ogres
  5 orc zombies
  7 centaurs
  28 wolves
  A lemure (D:6)
  A phantom (D:3)
  7 yaktaur zombies
  10 bullfrogs
  3 kobold brigands
  2 gnoll sergeants
  A two-headed ogre simulacrum (Lair:1)
  An entropy weaver simulacrum (Lair:1)
  3 scorpions
  Dowan (D:7)
  8 wights (D:8)
  A troll zombie (Vaults:5)
  An elephant simulacrum (Lair:1)
  6 killer bees
  2 lindwurm simulacra (IceCv)
  5 electric eels (Lair:1)
  3 howler monkeys
  25 orc priests
  Crazy Yiuf (D:2)
  A bombardier beetle (D:3)
  4 jellies
  A gnoll bouda (Lair:5)
  2 hounds (D:5)
  7 iguanas
  19 orc wizards
  7 hell rats (Lair:5)
  3 polar bear simulacra (Lair:1)
  2 troll simulacra (Lair:1)
  A wolf simulacrum (Lair:1)
  22 gnolls
  10 adders
  A naga simulacrum (Lair:1)
  A shadow imp (D:6)
  4 ufetubi
  2 dart slugs
  67 orcs
  3 ball pythons
  6 endoplasms
  A giant cockroach (D:4)
  7 goblins
  13 hobgoblins
  7 jackals
  19 kobolds
  3 quokkas
  10 bats
  3 frilled lizards (D:2)
  A rat (D:1)
1642 creatures vanquished.

Vanquished Creatures (collateral kills)
  3 dread liches (Zot:5)
  An orb of fire (Zot:5)
  Mara (Depths:1)
  2 Killer Klowns (Zot:5)
  Parghit (Depths:3)
  A curse toe (Zot:5)
  A golden dragon (Vaults:5)
  A bone dragon (Depths:4)
  2 tentacled monstrosities
  A walking frostbound tome (Depths:2)
  A quicksilver dragon (Snake:4)
  2 titans (Vaults:5)
  An Executioner (Zot:5)
  13 Orb Guardians (Zot:5)
  2 walking divine tomes (Depths:2)
  A tengu reaver (Vaults:5)
  A shadow dragon (Vaults:5)
  Ilsuiw (Shoals:3)
  2 fire giants
  4 frost giants
  2 deep elf sorcerers (Elf:3)
  A draconian knight (Zot:5)
  3 vault wardens
  A draconian shifter (Depths:4)
  A draconian annihilator (Depths:4)
  A draconian stormcaller (Zot:5)
  An orc warlord (Vaults:2)
  3 ironbound preservers
  A formless jellyfish (Shoals:4)
  5 stone giants
  4 very ugly things
  4 deep elf demonologists
  2 yellow draconians
  An ironbound thunderhulk (Vaults:3)
  A vampire knight (Depths:4)
  A black draconian (Depths:4)
  A spark wasp (Depths:2)
  A white draconian (Zot:5)
  3 war gargoyles (Vaults:5)
  2 deep elf annihilators
  4 purple draconians
  4 ettins
  4 yaktaur captains
  6 fire dragons
  3 jiangshi (Depths:4)
  A deep elf high priest (Vaults:5)
  3 merfolk impalers
  2 rakshasas
  11 vault guards
  A salamander tyrant (Snake:4)
  2 ironbound frosthearts (Vaults:1)
  2 ice dragons
  2 alligator snapping turtles (Shoals:4)
  A spriggan air mage (Depths:4)
  A centaur warrior (Vaults:1)
  A merfolk aquamancer (Shoals:1)
  2 anacondas (Snake:1)
  3 tengu warriors
  2 satyrs
  A dancing weapon (Elf:2)
  3 deep troll earth magi
  A sphinx skeleton (Depths:2)
  An orc high priest (Elf:1)
  2 naga warriors
  A spriggan berserker (Depths:3)
  3 naga sharpshooters
  A shock serpent (Snake:1)
  A vampire mage (Depths:4)
  7 hell knights
  3 skysharks
  2 deep elf knights (Elf:1)
  A shadow wraith (Vaults:5)
  A sixfirhy (Zot:3)
  5 sea snakes
  An iron troll (Depths:3)
  24 deep trolls
  2 mana vipers
  An arcanist (Vaults:4)
  A phantasmal warrior (Vaults:5)
  2 naga ritualists
  2 orb spiders (shapeshifter)
  2 lindwurms (Vaults:1)
  2 deep elf zephyrmancers
  3 ugly things
  7 harpies
  A tengu zombie (Depths:2)
  4 deep elf pyromancers (Elf:1)
  2 necromancers (Vaults:5)
  A cyclops (D:11)
  5 salamanders
  11 fauns
  2 manticores
  A merfolk siren (Shoals:4)
  6 black mambas
  A fire giant skeleton (Depths:1)
  A guardian serpent (shapeshifter) (Elf:1)
  2 guardian serpents (Snake:4)
  A water nymph (Shoals:2)
  A human skeleton (Vaults:5)
  2 vault sentinels (Vaults:5)
  2 smoke demons (Depths:3)
  A naga mage (Snake:4)
  A gargoyle (D:11)
  A freezing wraith (Vaults:5)
  9 yaktaurs
  A golden dragon simulacrum (Depths:1)
  A wind drake (Shoals:4)
  A nameless horror (Zot:5)
  9 merfolk
  A hornet (Depths:3)
  3 snapping turtles (Shoals:1)
  A glass eye (Depths:1)
  6 slime creatures
  5 water elementals
  A fire elemental (Elf:1)
  An acid dragon (D:11)
  A glowing shapeshifter zombie (Vaults:5)
  4 nagas
  A hydra simulacrum (IceCv)
  2 boggarts (Vaults:2)
  A phantom (D:4)
  An earth elemental (Elf:2)
  A killer bee (D:11)
  A gnoll bouda (D:5)
  An orc wizard (D:4)
  An adder (D:5)
  3 orcs
  A kobold (D:8)
319 creatures vanquished.

Vanquished Creatures (others)
  A stone giant (Vaults:5)
  A quicksilver dragon zombie (Depths:2)
  A sphinx zombie (Vaults:5)
  3 Orb Guardian zombies (Zot:5)
  A golden dragon zombie (Zot:5)
  2 ogre zombies
  3 ugly thing zombies
  A deep elf zephyrmancer (Elf:2)
  A shadow dragon zombie (Zot:5)
  A draconian zombie (Depths:4)
  3 stone giant zombies
  4 centaur zombies (Vaults:1)
  An unseen horror (D:11)
  A black draconian zombie (Zot:5)
  A white draconian zombie (Zot:1)
  A red draconian zombie (Zot:5)
  6 yaktaur zombies
  4 sea snake zombies
  3 harpy zombies (Shoals:1)
  2 fire dragon zombies (Depths:4)
  2 ettin zombies
  A slime creature (Vaults:1)
  8 slime creature zombies
  A skyshark zombie (Shoals:2)
  7 faun zombies
  2 two-headed ogre zombies (Vaults:5)
  7 deep troll zombies
  An entropy weaver zombie (Vaults:5)
  6 merfolk zombies
  A tengu (shapeshifter) (Elf:2)
  4 orc zombies
  4 manticore zombies
  11 elf zombies
  18 human zombies
  A warg zombie (Vaults:5)
  A wight (D:8)
  2 tengu zombies
  A kobold (D:8)
  71 fulminant prisms
190 creatures vanquished.

Grand Total: 2151 creatures vanquished

Table legend:
 A = Non-vault XP
 B = Vault XP
 C = Vault XP percentage of total XP
 D = Non-vault monster count
 E = Vault monster count
 F = Vault count percentage of total count
                 A         B        C        D         E       F
            +---------+---------+-------+---------+---------+-------
      Total |  533537 |  532268 |  49.9 |    1199 |     700 |  36.9
            +---------+---------+-------+---------+---------+-------
        D:1 |      40 |       0 |   0.0 |      21 |       0 |   0.0
        D:2 |      86 |      42 |  32.8 |      20 |       1 |   4.8
        D:3 |     164 |      22 |  11.8 |      13 |       6 |  31.6
        D:4 |     760 |       0 |   0.0 |      33 |       0 |   0.0
        D:5 |     405 |     165 |  28.9 |      13 |       1 |   7.1
        D:6 |     741 |    1032 |  58.2 |      18 |       3 |  14.3
        D:7 |     819 |     219 |  21.1 |      25 |       2 |   7.4
        D:8 |    3407 |    1459 |  30.0 |      35 |      18 |  34.0
        D:9 |    2165 |       0 |   0.0 |      19 |       0 |   0.0
       D:10 |    2850 |       0 |   0.0 |      16 |       0 |   0.0
       D:11 |    6467 |    5593 |  46.4 |      24 |      20 |  45.5
       D:12 |    2801 |    2080 |  42.6 |      11 |       3 |  21.4
       D:13 |    6527 |    5343 |  45.0 |      17 |      11 |  39.3
       D:14 |    8611 |       0 |   0.0 |      25 |       0 |   0.0
       D:15 |   18601 |    3902 |  17.3 |      42 |       6 |  12.5
     Lair:1 |    5830 |    3782 |  39.3 |      31 |      21 |  40.4
     Lair:2 |    5248 |     783 |  13.0 |      24 |       5 |  17.2
     Lair:3 |    4444 |    2326 |  34.4 |      16 |       9 |  36.0
     Lair:4 |    5528 |    8389 |  60.3 |      24 |      17 |  41.5
     Lair:5 |   18823 |   11707 |  38.3 |      47 |      39 |  45.3
   Shoals:1 |   14084 |     333 |   2.3 |      30 |       1 |   3.2
   Shoals:2 |   11002 |    1407 |  11.3 |      22 |       1 |   4.3
   Shoals:3 |   17015 |    4865 |  22.2 |      35 |       6 |  14.6
   Shoals:4 |   10202 |   18149 |  64.0 |      19 |      31 |  62.0
    Snake:1 |   16325 |       0 |   0.0 |      29 |       0 |   0.0
    Snake:2 |    8496 |       0 |   0.0 |      15 |       0 |   0.0
    Snake:3 |   26587 |       0 |   0.0 |      54 |       0 |   0.0
    Snake:4 |   18548 |   13344 |  41.8 |      42 |      18 |  30.0
      Orc:1 |    2593 |       0 |   0.0 |      24 |       0 |   0.0
      Orc:2 |    3079 |    9953 |  76.4 |      18 |      59 |  76.6
      Elf:1 |   12886 |   10743 |  45.5 |      31 |      17 |  35.4
      Elf:2 |   10571 |    1649 |  13.5 |      20 |       2 |   9.1
      Elf:3 |    8788 |   43150 |  83.1 |      15 |      40 |  72.7
   Vaults:1 |   20702 |   22013 |  51.5 |      40 |      28 |  41.2
   Vaults:2 |   25630 |   15549 |  37.8 |      51 |      21 |  29.2
   Vaults:3 |   25738 |   53044 |  67.3 |      37 |      62 |  62.6
   Vaults:4 |   15757 |   25163 |  61.5 |      22 |      36 |  62.1
   Vaults:5 |   40949 |   89702 |  68.7 |      57 |      91 |  61.5
   Depths:1 |   35707 |    7406 |  17.2 |      46 |       5 |   9.8
   Depths:2 |   12557 |   30770 |  71.0 |      18 |      27 |  60.0
   Depths:3 |   25950 |   14456 |  35.8 |      31 |      16 |  34.0
   Depths:4 |   25770 |   14196 |  35.5 |      27 |      11 |  28.9
      Zot:1 |   10176 |       0 |   0.0 |      10 |       0 |   0.0
      Zot:2 |    4696 |       0 |   0.0 |       4 |       0 |   0.0
      Zot:4 |    6380 |       0 |   0.0 |       6 |       0 |   0.0
      Zot:5 |   29032 |  100044 |  77.5 |      22 |      42 |  65.6
      IceCv |       0 |    9488 | 100.0 |       0 |      24 | 100.0
            +---------+---------+-------+---------+---------+-------

Skill      XL: |  1  2  3  4  5  6  7  8  9 10 11 12 13 14 15 16 17 18 19 20 21 22 23 24 |
---------------+-------------------------------------------------------------------------+-----
Spellcasting   | 2 3 4 5 8 9 10 12 13 14 17 19 21 22 | 22.7
Air Magic      | 1 2 6 |  6.7
Conjurations   | 3 4 5 6 7 |  7.3
Summonings     | 2 3 5 9 |  9.6
Fighting       | 3 6 10 12 13 14 15 17 18 19 | 19.5
Alchemy        | 5 6 7 |  7.3
Dodging        | 2 4 6 8 11 | 11.3
Staves         | 1 3 6 7 |  7.7
Translocations | 2 |  2.0
Evocations     | 3 5 |  5.9
Armour         | 2 7 |  7.8
Shields        | 5 9 11 | 11.8
Hexes          | 5 |  5.7
Ice Magic      | 6 |  6.8
Necromancy     | 10 11 14 15 | 15.6
Earth Magic    | 3 |  3.3
Long Blades    | 7 11 | 11.5
Stealth        | 2 5 |  5.4

Action                     |  1- 3 |  4- 6 |  7- 9 | 10-12 | 13-15 | 16-18 | 19-21 | 22-24 || total
---------------------------+-------+-------+-------+-------+-------+-------+-------+-------++-------
  Melee: Dagger            |    30 |    16 |     7 |     6 |       |       |       |       ||    59
         Falchion          |     4 |       |       |       |       |       |       |       ||     4
         Punch             |     1 |       |       |     1 |       |       |       |       ||     2
         Great sword       |       |     1 |     7 |       |       |       |       |       ||     8
         Quarterstaff      |       |       |    58 |   243 |       |       |       |       ||   301
         Staff             |       |       |     2 |     9 |   586 |  1030 |   876 |       ||  2503
         Demon blade       |       |       |       |       |       |       |     9 |   932 ||   941
  Throw: Dart              |       |       |       |       |     6 |       |       |       ||     6
   Cast: Shock             |    50 |   147 |   258 |   277 |   519 |     6 |       |       ||  1257
         Call Imp          |       |       |    26 |     6 |       |       |       |       ||    32
         Fulminant Prism   |       |       |    20 |    40 |    11 |       |       |       ||    71
         Irradiate         |       |       |       |    41 |   166 |    93 |   119 |    83 ||   502
         Yara's Violent Un |       |       |       |       |     6 |     7 |     9 |     9 ||    31
         Teleport Other    |       |       |       |       |     4 |       |       |       ||     4
         Sculpt Simulacrum |       |       |       |       |     3 |    31 |     1 |     1 ||    36
         Metabolic Englaci |       |       |       |       |       |    35 |       |       ||    35
         Arcjolt           |       |       |       |       |       |    60 |    63 |    23 ||   146
         Animate Dead      |       |       |       |       |       |    11 |    12 |    13 ||    36
         Leda's Liquefacti |       |       |       |       |       |     7 |     2 |     1 ||    10
         Death Channel     |       |       |       |       |       |     7 |    14 |    17 ||    38
         Fugue of the Fall |       |       |       |       |       |     2 |       |       ||     2
         Haunt             |       |       |       |       |       |       |    13 |    46 ||    59
         Bombard           |       |       |       |       |       |       |     9 |    33 ||    42
         Infestation       |       |       |       |       |       |       |    16 |    23 ||    39
 Invoke: Curse Item        |       |       |     1 |     7 |     3 |     5 |     2 |     1 ||    19
         Shatter the Chain |       |       |       |     2 |     1 |     4 |     2 |     1 ||    10
  Evoke: Wand              |       |       |     2 |    11 |     2 |     4 |    14 |    11 ||    44
         Lightning rod     |       |       |       |       |     6 |     7 |     4 |     3 ||    20
         Box of beasts     |       |       |       |       |     1 |     3 |     1 |     2 ||     7
         Phial of floods   |       |       |       |       |       |       |       |     1 ||     1
    Use: Scroll            |       |       |    13 |     3 |     2 |     9 |     9 |    20 ||    56
   Stab: Distracted        |       |       |     1 |       |       |    16 |    14 |    15 ||    46
         Paralysed         |       |       |       |     2 |       |       |       |       ||     2
         Sleeping          |       |       |       |     1 |     5 |     3 |     1 |     2 ||    12
         Petrified         |       |       |       |     1 |       |       |       |       ||     1
         Invisible         |       |       |       |       |       |       |       |     1 ||     1
 Armour: Robe              |    30 |    35 |   162 |    36 |       |       |       |       ||   263
         Troll leather arm |       |       |       |   402 |   656 |    32 |       |       ||  1090
         Ring mail         |       |       |       |       |       |   716 |   794 |   701 ||  2211
  Dodge: Dodged            |    29 |    32 |    83 |   318 |   592 |   692 |   735 |   627 ||  3108
  Block: Buckler           |       |       |       |     4 |   383 |   450 |   432 |   252 ||  1521
         Kite shield       |       |       |       |       |       |       |       |   146 ||   146

Illustrated notes

Table legend:
 A = Kills in this place as a percentage of kills in the entire game.
 B = Kills by you in this place as a percentage of kills by you in the entire game.
 C = Kills by friends in this place as a percentage of kills by friends in the entire game.
 D = Other kills in this place as a percentage of other kills in the entire game.
 E = Experience gained in this place as a percentage of experience gained in the entire game.
 F = Experience gained in this place divided by the number of levels of this place that you have seen.
                   A       B       C       D       E      F
               +-------+-------+-------+-------+-------+----------------------
         Total | 100.0 | 100.0 | 100.0 | 100.0 | 100.0 | 21106.8
       Dungeon |  21.2 |  24.8 |   2.8 |  33.3 |   7.1 | 5075.2
          Lair |  12.2 |  14.7 |   0.0 |   0.0 |   6.2 | 13372.0
        Shoals |   7.6 |   5.5 |  18.2 |   0.0 |   7.2 | 19264.2
     Snake Pit |   8.3 |   8.0 |  10.1 |   0.0 |   7.7 | 20825.0
  Orcish Mines |   5.3 |   6.4 |   0.0 |   0.0 |   1.5 | 7812.5
   Elven Halls |   6.6 |   6.5 |   6.3 |  33.3 |   8.2 | 29262.3
        Vaults |  23.3 |  21.7 |  31.1 |  33.3 |  31.1 | 66849.4
        Depths |   9.5 |   7.0 |  22.0 |   0.0 |  15.5 | 41703.0
           Zot |   4.8 |   4.0 |   9.1 |   0.0 |  14.8 | 31828.8
      Ice Cave |   1.3 |   1.5 |   0.3 |   0.0 |   0.9 | 9488.0
               +-------+-------+-------+-------+-------+----------------------

Table legend: (Time is in decaauts)
 A = Elapsed time spent in this place.
 B = Non-inter-level travel time spent in this place.
 C = Inter-level travel time spent in this place.
 D = Time resting spent in this place.
 E = Time spent auto-exploring this place.
 F = Levels seen in this place.
 G = Mean time per level.
                   A        B        C        D        E       F      G
               +--------+--------+--------+--------+--------+-----+--------+
         Total |  67821 |  62223 |   5598 |  11440 |  37583 |  51 | 1329.8 |
       Dungeon |  18836 |  16030 |   2806 |   1849 |  11258 |  15 | 1255.7 |
        Temple |     38 |      1 |     37 |      0 |      0 |   1 |   38.0 |
          Lair |   7310 |   6840 |    470 |    395 |   4748 |   5 | 1462.0 |
        Shoals |   5322 |   5151 |    171 |    512 |   3543 |   4 | 1330.5 |
     Snake Pit |   5657 |   5498 |    159 |    960 |   3555 |   4 | 1414.2 |
  Orcish Mines |   2016 |   1471 |    545 |    197 |    725 |   2 | 1008.0 |
   Elven Halls |   4408 |   4246 |    162 |    780 |   2607 |   3 | 1469.3 |
        Vaults |  11525 |  10707 |    818 |   2227 |   6417 |   5 | 2305.0 |
         Crypt |      1 |      0 |      1 |      0 |      0 |   1 |    1.0 |
        Depths |   7370 |   7034 |    336 |   1593 |   4194 |   4 | 1842.5 |
           Zot |   4458 |   4371 |     87 |   2350 |    513 |   5 |  891.6 |
        Bazaar |    326 |    326 |      0 |    245 |      0 |   1 |  326.0 |
      Ice Cave |    547 |    547 |      0 |    331 |     23 |   1 |  547.0 |
               +--------+--------+--------+--------+--------+-----+--------+

Top non-repeatable levels by time:
   Zot:5: 3153 daAuts
Vaults:3: 2496 daAuts
Depths:2: 2451 daAuts
Vaults:2: 2382 daAuts
   Elf:3: 2344 daAuts
Vaults:5: 2291 daAuts
Vaults:4: 2211 daAuts
Vaults:1: 2143 daAuts
Depths:3: 2034 daAuts
 Snake:4: 1840 daAuts
Depths:4: 1735 daAuts
  Lair:1: 1717 daAuts
Shoals:4: 1704 daAuts
  Lair:5: 1696 daAuts
 Snake:1: 1670 daAuts
